 Dungeon Crawl Stone Soup version 0.31-a0-174-g85c54bcb58 (webtiles) character file.

Game seed: 12051008368409680831

507566 qw the Slayer (level 25, -17/178 HPs)
             Began as a Gargoyle Fighter on June 15, 2023.
             Was an Elder of Okawaru.
             Killed from afar by a living spell (49 damage)
             ... with a crystal spear
             ... summoned by a walking crystal tome
             ... on level 2 of the Realm of Zot.
             The game lasted 00:34:36 (49339 turns).

qw the Slayer (Gargoyle Fighter)                   Turns: 49339, Time: 00:34:36

Health: -17/178    AC: 54    Str: 38    XL:     25   Next: 3%
Magic:  30/30      EV: 19    Int: 16    God:    Okawaru [****..]
Gold:   3983       SH: 26    Dex: 10    Spells: 24/24 levels left

rFire   + + +        I - +16 obsidian axe {drain, demonic, Mesm Drain Fly SInv}
rCold   + + .        c - +2 tower shield
rNeg    + + .        E - +7 plate armour {rC+}
rPois   inf          e - +1 helmet "Ukeulauph" {Int+4}
rElec   +            A - scarf "Zunaxat" {rC+ rF+, Int+3 Dex+2 Stlth+}
rCorr   .            p - +2 pair of gloves
SInv    +            (no boots)
Will    +++..        a - amulet of Ogies {Faith rF+} Stlth
                     y - ring "Asetucodgh" {rElec rF+ rN+ Will++ Str+3}
HPRegen 0.49/turn    g - +5 ring of evasion
MPRegen 0.22/turn

%: faith
@: about to teleport, heroic, flying, mesmerised
A: sickness immunity, AC +19, big wings, negative energy resistance 1,
electricity resistance, torment resistance 1, petrification resistance, strong 1
}: 3/15 runes: decaying, silver, gossamer
a: Renounce Religion, Heroism, Finesse


You were on level 2 of the Realm of Zot.
You worshipped Okawaru.
Okawaru was greatly pleased with you.
You visited 9 branches of the dungeon, and saw 42 of its levels.
You visited the Abyss 1 time.
You also visited: Ossuary and Gauntlet.

You collected 6963 gold pieces.
You spent 2980 gold pieces at shops.


Innate Abilities, Weirdness & Mutations

You are immune to sickness and miasma.
Your stone body is resilient. (AC +19)
You are immune to poison.
Your large and strong wings let you fly.
You resist negative energy. (rN+)
You are resistant to electric shocks. (rElec)
You are resistant to unholy torment.
You are immune to petrification.
Your muscles are strong. (Str +4, Int/Dex -1)


   Skills:
 + Level 23.8(27) Fighting
 - Level 18.0(23.0) Axes
 - Level 13.0(18.0) Throwing
 - Level 20.0(25.0) Armour
 - Level 8.0(13.0) Dodging
 - Level 22.0(27) Shields
 - Level 10.0 Invocations


You had 24 spell levels left.
You didn't know any spells.
Your spell library was empty.

Inventory:

Hand Weapons
 r - a +4 spectral war axe
 G - a +2 broad axe
 I - the +16 obsidian axe (weapon) {drain, demonic, Mesm Drain Fly SInv}
   (Okawaru gifted it to you on level 4 of the Vaults)

   Mesm:      Its wielder is mesmerised by any visible foes, and it cannot be
   unequipped while any foes are visible.
   SInv:      It lets you see invisible.
   Fly:       It grants you flight.
   Drain:     It drains your maximum health when unequipped.
 P - a +7 vampiric war axe
Missiles
 k - 11 javelins (quivered)
 w - 8 boomerangs
Armour
 c - a +2 tower shield (worn)
 e - the +1 helmet "Ukeulauph" (worn) {Int+4}
   (You found it in a Gauntlet)

   Int:       It affects your intelligence (+4).
 i - the +0 helmet "Tis Jarph" {*Slow rC+ Dex+4 SInv}
   (You found it in a Gauntlet)

   Dex:       It affects your dexterity (+4).
   rC:        It protects you from cold.
   SInv:      It lets you see invisible.
   *Slow:     It may slow you when you take damage.
 p - a +2 pair of gloves (worn)
 s - a +1 cloak
 A - the scarf "Zunaxat" (worn) {rC+ rF+, Int+3 Dex+2 Stlth+}
   (You acquired it on level 2 of the Swamp)

   Int:       It affects your intelligence (+3).
   Dex:       It affects your dexterity (+2).
   Stlth:     It makes you more stealthy.
 C - the +1 ring mail of Jigsaw {rC- rN+ rCorr Str+3}
   (You found it on level 1 of the Swamp)

   Str:       It affects your strength (+3).
   rC:        It makes you vulnerable to cold.
   rN:        It protects you from negative energy.
   rCorr:     It protects you from acid and corrosion.
 D - +0 acid dragon scales
 E - a +7 plate armour of cold resistance (worn)
 K - +0 gold dragon scales
 L - a +2 cloak
Jewellery
 a - the amulet of Ogies (around neck) {Faith rF+}
   (You found it on level 4 of the Swamp)

   [amulet of faith]

   It allows you to gain divine favour quickly.
   rF:        It protects you from fire.
 f - a ring of ice
 g - a +5 ring of evasion (right hand)
 t - a +5 ring of evasion
 u - a ring of ice
 y - the ring "Asetucodgh" (left hand) {rElec rF+ rN+ Will++ Str+3}
   (You acquired it on level 1 of the Vaults)

   [ring of positive energy]

   Str:       It affects your strength (+3).
   rF:        It protects you from fire.
   rElec:     It insulates you from electricity.
   rN:        It protects you from negative energy.
   Will:      It greatly increases your willpower.
 B - an amulet of reflection
 F - the ring of Pegowuel {Contam rPois rF+ Str+2 Slay+2}
   (You found it on level 5 of the Vaults)

   [ring of poison resistance]

   Str:       It affects your strength (+2).
   Slay:      It affects your accuracy & damage with ranged weapons and melee
   (+2).
   rF:        It protects you from fire.
   rPois:     It protects you from poison.
   Contam:    It causes magical contamination when unequipped.
 H - a ring of resist corrosion
 Y - the ring "Cimimo Ybyipn" {rF+ Will+ rCorr}
   (You found it in a Gauntlet)

   [ring of willpower]

   rF:        It protects you from fire.
   rCorr:     It protects you from acid and corrosion.
   Will:      It increases your willpower.
Wands
 o - a wand of digging (12)
Scrolls
 b - 26 scrolls of identify
 j - 20 scrolls of teleportation
 J - 3 scrolls of brand weapon
Potions
 d - 12 potions of might
 h - 8 potions of magic
 l - 28 potions of curing
 m - 10 potions of attraction
 n - 12 potions of heal wounds
 q - 5 potions of resistance
 v - 9 potions of lignification
 x - 9 potions of haste
 z - 6 potions of mutation
 M - 2 potions of cancellation

Dungeon Overview and Level Annotations

Branches:
Dungeon (15/15)            Temple (1/1) D:5            Lair (5/5) D:10
  Swamp (4/4) Lair:3       Spider (4/4) Lair:3        Slime (0/5) Lair:4
    Orc (2/2) D:10            Elf (0/3) Orc:2        Vaults (5/5) D:14
  Crypt (0/3) Vaults:2     Depths (4/4) D:15            Zot (2/5) Depths:4
Ossuary (visited)         Gauntlet (visited)

Altars:
Ashenzari
Cheibriados
Dithmenos
Elyvilon
Fedhas
Gozag
Hepliaklqana
Kikubaaqudgha
Makhleb
Nemelex Xobeh
Okawaru
Qazlal
Ru
Sif Muna
Trog
Uskayaw
Vehumet
Wu Jian
Xom
Yredelemnul
Zin
The Shining One
Jiyva

Shops:
D:1 :!(   D:2 [   D:5 ?   D:10 [(!   D:15 :   Orc:2 !(*:?   Vaults:5 ?

Portals:
Hell: Depths:1 Depths:2 Depths:3 Depths:4
Abyss: Depths:2 Depths:3
Pandemonium: Depths:2 Depths:3
Ziggurat: Depths:1
Trove: Depths:2 (give +2 ice dragon scales)

Annotations:
D:13 1 runed translucent door, 00Nightcrawler's ghost, journeyman VSTm
Lair:2 3 runed translucent doors, qw's ghost, journeyman GrFi
Swamp:2 2 transporters, qw's ghost, adept GrHu
Swamp:4 1 runed translucent door, qw's ghost, adept GrFi
Orc:2 1 runed translucent door
Vaults:2 8 runed translucent doors, Muvus's ghost, adept DsFi


Message History

The living spell casts itself at you. Something smites you!
You break out of your daze!
There is an open door here.
Things that are here:
a javelin; a silver javelin
Enter note:
Enter note:
Enter note: Visions of slaying the walking divine tome flood into your mind.
The walking crystal tome erupts in a flurry of living spells!
The walking divine tome barely misses you.
The living spell casts itself at you. Something smites you!
The living spell casts itself at you. Something smites you!
Enter note:
Enter note:
Enter note: You slice the walking divine tome!!
The walking divine tome is moderately damaged.
You block the walking divine tome's attack.
You slice the walking divine tome!!
The walking divine tome is heavily damaged.
You slash the walking crystal tome!
A +6 double sword comes into view.
The living spell casts itself at you. You block the crystal spear.
The living spell casts itself at you. The crystal spear hits you!!!!
49339 ||| READING 21 scrolls of teleportation.
As you read the scroll of teleportation, it crumbles to dust.
You feel strangely unstable.
You feel the Orb delaying your translocation!
You block the walking divine tome's attack.
The walking crystal tome barely misses you.
You block the +2 double sword of the Spectre {protect, +Blink rC+ Int+3}'s attack.
The living spell casts itself at you. The crystal spear hits you!!!
You die...

}...} .# .....#
#.# .....> #.#
......# #(######
..}.*.} ........
......*##.......
.()....;#.......
......;@(.# .
}.>.}?(##.#####...
########)))).....#
#.#...)..%.....#.
##.###....######
#.###...###
##.....## .....##
##.........$...


You could see a walking crystal tome, a walking divine tome (mesmerising), 2
dancing weapons and 2 living crystal spells.

Vanquished Creatures
  A dread lich (Vaults:5)
  2 ancient liches (Vaults:5)
  A juggernaut (Depths:2)
  Vv (Zot:1)
  Xtahua (Vaults:5)
  9 golden dragons
  Arachne (Spider:2)
  10 tentacled monstrosities
  A walking crystal tome (Zot:2)
  3 liches
  2 walking earthen tomes
  A walking frostbound tome (Zot:2)
  2 walking divine tomes
  3 quicksilver dragons
  4 titans
  3 death cobs (Zot:1)
  Kirke (D:13)
  6 sphinxes
  A tentacled starspawn (Abyss:2)
  4 storm dragons
  Gastronok (Lair:3)
  8 tengu reavers
  2 narguns (Zot:2)
  8 shadow dragons
  2 draconian monks
  3 draconian knights
  Roxanne (Swamp:4)
  12 frost giants
  A draconian scorcher (Zot:1)
  22 vault wardens
  3 emperor scorpions
  6 fenstrider witches (Swamp:4)
  Louise (Depths:3)
  9 fire giants
  An iron dragon (Depths:2)
  A deep elf sorcerer (Vaults:5)
  A balrug (Depths:1)
  4 ghost moths
  A reaper (Depths:1)
  A cacodemon (Depths:1)
  3 draconian stormcallers
  16 ironbound preservers
  A war gargoyle (Vaults:5)
  2 formless jellyfish
  4 draconian annihilators
  An orc warlord (Vaults:2)
  5 very ugly things
  11 stone giants
  2 ghouls (Swamp:4)
  8 ironbound thunderhulks
  5 eleionomae
  A deep elf demonologist (Vaults:4)
  4 vampire knights
  5 deep elf annihilators
  6 green draconians
  6 black draconians
  7 white draconians
  A red draconian (Zot:2)
  A minotaur (Gauntlet)
  11 spark wasps
  3 bunyips
  9 purple draconians
  6 yellow draconians
  19 ettins
  12 dire elephants
  A merfolk javelineer (Depths:3)
  2 merfolk impalers
  2 green deaths
  2 deep elf death magi (Vaults:5)
  Snorg (D:12)
  A shambling mangrove (Swamp:4)
  A blizzard demon (Swamp:4)
  16 yaktaur captains
  Josephine (D:13)
  7 great orbs of eyes
  13 ice dragons
  9 entropy weavers
  5 deep elf high priests
  5 fire dragons
  12 hydras
  44 vault guards
  Fannar (Lair:1)
  9 ironbound frosthearts
  4 spriggan air magi
  2 rakshasas
  5 ogre magi
  3 radroaches
  A catoblepas (Lair:4)
  2 jorogumos
  8 centaur warriors
  4 two-headed ogres
  9 alligators
  2 dancing weapons (D:14)
  4 death yaks
  A death knight (D:14)
  A thrashing horror (Abyss:2)
  6 deep troll earth magi
  4 deep troll shamans
  12 boulder beetles
  Urug (D:13)
  7 tengu warriors
  5 demonic crawlers
  4 orc high priests (Orc:2)
  3 iron trolls
  Amaemon (Lair:1)
  2 skysharks
  8 hell knights
  5 pharaoh ants
  A titan skeleton (Depths:2)
  2 wretched stars (Abyss:2)
  6 soul eaters
  A shadow wraith (Abyss:2)
  2 sun moths (Spider:1)
  3 sixfirhies
  3 goliath frogs
  2 salamander mystics
  A golden dragon zombie (Depths:2)
  5 spriggan druids
  A glowing orange brain (Depths:2)
  6 swamp dragons
  8 wizards
  A lindwurm (shapeshifter) (Vaults:5)
  An obsidian statue (Depths:1)
  3 flayed ghosts
  24 deep trolls
  4 lindwurms
  6 orc knights
  5 necromancers
  6 orb spiders
  19 ironbound convokers
  2 bog bodies (Swamp:3)
  3 deep elf pyromancers
  3 starcursed masses (Abyss:2)
  13 harpies
  9 phantasmal warriors
  19 ugly things
  2 harpies (shapeshifter)
  3 steelbarb worms
  A stone giant zombie (Vaults:4)
  9 cyclopes
  26 wolf spiders
  3 orc sorcerers
  7 will-o-the-wisps
  A manticore (D:15)
  7 salamanders
  A worldbinder (Abyss:2)
  13 moths of wrath
  A frost giant skeleton (Depths:2)
  A guardian serpent (Lair:5)
  9 black mambas
  A fire giant skeleton (Depths:2)
  Joseph (D:9)
  2 torpor snails (Spider:3)
  20 vault sentinels
  2 gargoyles
  A yaktaur zombie (Vaults:3)
  A water nymph (shapeshifter) (Depths:2)
  3 smoke demons
  4 orange demons
  15 cane toads
  A kobold demonologist (D:11)
  5 komodo dragons
  A hellion (Depths:1)
  Psyche (D:12)
  8 tengu conjurers
  39 yaktaurs
  A yaktaur (shapeshifter) (D:14)
  5 trolls
  An ancient zyme (Abyss:2)
  5 human zombies
  2 polar bears (Lair:2)
  2 hellwings
  Prince Ribbit (Lair:2)
  4 meliai
  19 tarantellas
  7 tyrant leeches
  A hornet (shapeshifter) (D:14)
  26 blink frogs
  A dream sheep (shapeshifter) (Vaults:5)
  An ettin zombie (Vaults:1)
  19 hornets
  28 jumping spiders
  18 slime creatures
  A fire giant simulacrum (Vaults:3)
  Sigmund (D:2)
  14 spriggans
  An air elemental (Abyss:2)
  29 culicivoras
  A deep troll skeleton (Vaults:3)
  3 ynoxinuls
  3 shadows (Gauntlet)
  20 water elementals
  14 wyverns
  A vampire (D:12)
  6 wraiths
  A basilisk (D:14)
  64 yaks
  2 steam dragons
  A hog (D:13)
  2 humans (D:13)
  A chaos spawn (Abyss:2)
  A human (shapeshifter) (Vaults:5)
  41 redbacks
  22 vampire mosquitoes
  2 large abominations (Abyss:2)
  4 wargs
  12 swamp worms
  A warg (shapeshifter) (Abyss:2)
  An acid dragon (D:11)
  An ogre skeleton (Vaults:1)
  24 water moccasins
  A swamp drake (Swamp:2)
  3 ice beasts
  22 orc warriors
  5 black bears
  A sky beast (D:6)
  5 ogres
  26 wolves
  10 centaurs
  A boggart (shapeshifter) (Vaults:5)
  6 boggarts
  2 phantoms
  5 kobold brigands
  Blork the orc (D:6)
  An elf zombie (Ossuary)
  11 bullfrogs
  5 gnoll sergeants
  4 scorpions
  3 small abominations (Abyss:2)
  A human skeleton (Vaults:1)
  4 wights (D:10)
  9 killer bees
  2 howler monkeys
  7 electric eels
  An iron imp (D:15)
  8 jellies
  31 orc priests
  5 hounds
  A gnoll bouda (D:8)
  A sleepcap (D:7)
  Jessica (D:2)
  30 orc wizards
  6 iguanas
  Terence (D:2)
  3 mummies (Ossuary)
  5 adders
  24 gnolls
  A shadow imp (D:8)
  A white imp (D:6)
  3 ufetubi
  An adder zombie (Ossuary)
  A worm (D:2)
  2 dart slugs
  66 orcs
  10 endoplasms
  2 giant cockroaches (D:1)
  6 goblins
  3 hobgoblins
  6 jackals (D:1)
  2 quokkas
  8 ball pythons
  4 bats
  5 frilled lizards
  7 goblin zombies
  3 hobgoblin zombies (Ossuary)
  20 kobolds
  2 kobold zombies (Ossuary)
  A quokka zombie (Ossuary)
  7 rats
  5 rat zombies
  2 starspawn tentacles (Abyss:2)
1713 creatures vanquished.

Vanquished Creatures (others)
  A dread lich (Vaults:5)
  A ghost moth (Spider:4)
  A stone giant (Depths:3)
  A moth of wrath (Zot:2)
  A tormentor (Depths:1)
  A bloated husk (Swamp:3)
  2 jellies (Zot:2)
  20 foxfires
  38 spectral weapons
  4 starspawn tentacles (Abyss:2)
70 creatures vanquished.

Grand Total: 1783 creatures vanquished

Notes
Turn   | Place    | Note
-------+----------+-------------------------------------------
     0 | D:1      | qw the Gargoyle Fighter began the quest for the Orb.
     0 | D:1      | Reached XP level 1. HP: 14/14 MP: 1/1
     0 | D:1      | 0 ||| qw: Version: 0.2-a-29-g511e9b1
     0 | D:1      | 0 ||| qw: Game counter: 5533
     0 | D:1      | 0 ||| qw: Always use a shield: true
     0 | D:1      | 0 ||| qw: God list: Okawaru
     0 | D:1      | 0 ||| qw: Allow faded altars: false
     0 | D:1      | 0 ||| qw: Do Orc after D:15 true
     0 | D:1      | 0 ||| qw: Do second Lair branch before Depths: true
     0 | D:1      | 0 ||| qw: Lair rune preference: random
     0 | D:1      | 0 ||| qw: Plans: Normal, Zot:1-4, Slime:5, God:TSO, Crypt,
                  | Tomb, Abyss, Pan, Hells, Win
     0 | D:1      | 0 ||| PLANNING D:1-11
    21 | D:1      | Found Ogotim's Distillery.
    24 | D:1      | 24 ||| SHOPLISTING 2 potions of curing (84 gold, have 13).
    24 | D:1      | 24 ||| SHOPLISTING potion of curing (42 gold, have 13).
    24 | D:1      | 24 ||| SHOPLISTING potion of lignification (42 gold, have
                  | 13).
    24 | D:1      | 24 ||| SHOPLISTING potion of might (56 gold, have 13).
   107 | D:1      | Found Uxityzus's Book Emporium.
   139 | D:1      | 139 ||| Stepping ~*~*~tactically~*~*~ (stealth).
   177 | D:1      | Reached XP level 2. HP: 18/19 MP: 2/2
   578 | D:1      | Reached skill level 3 in Axes
   702 | D:1      | Reached XP level 3. HP: 23/23 MP: 3/3
   805 | D:1      | Found Zyt Otsa's Weapon Emporium.
   814 | D:1      | 814 ||| SHOPLISTING +9 morningstar of Etzad {freeze,
                  | Fragile rC+ rN++ rCorr} (997 gold, have 66).
   919 | D:1      | 919 ||| UPGRADING to +0 helmet.
   924 | D:1      | 924 ||| UPGRADING to +0 chain mail.
   934 | D:1      | 934 ||| DROPPING +0 scale mail.
   935 | D:1      | 935 ||| UPGRADING to +6 ring of dexterity.
   936 | D:1      | 936 ||| UPGRADING to +6 ring of strength.
   937 | D:1      | 937 ||| READING scroll labelled WEMELY UCZAUM.
   938 | D:1      | 938 ||| READING scroll labelled FAUGOI WASHEU.
   947 | D:2      | Found Ifoeg's Antique Armour Boutique.
   948 | D:2      | Noticed Terence
   959 | D:2      | Killed Terence
  1017 | D:2      | 1017 ||| SHOPLISTING glowing cloak (157 gold, have 66).
  1017 | D:2      | 1017 ||| SHOPLISTING runed ring mail (147 gold, have 66).
  1073 | D:2      | Reached XP level 4. HP: 28/28 MP: 4/4
  1099 | D:2      | Noticed Jessica
  1100 | D:2      | 1100 ||| Stepping ~*~*~tactically~*~*~ (hiding).
  1107 | D:2      | Killed Jessica
  1108 | D:2      | Reached skill level 1 in Dodging
  1304 | D:2      | 1304 ||| DROPPING +0 club.
  1445 | D:2      | Found a faded altar of an unknown god.
  1465 | D:2      | Found an opulent altar of Gozag.
  1564 | D:2      | Noticed Sigmund
  1574 | D:2      | Killed Sigmund
  1575 | D:2      | Reached XP level 5. HP: 18/32 MP: 5/5
  1575 | D:2      | Reached XP level 6. HP: 21/37 MP: 6/6
  1848 | D:2      | 1848 ||| UPGRADING to +0 pair of gloves.
  1853 | D:2      | 1853 ||| DROPPING ring of flight.
  1854 | D:2      | 1854 ||| READING scroll labelled JYRITODAM.
  1855 | D:2      | 1855 ||| READING scroll labelled XUGUON ZAIPH.
  1856 | D:2      | 1856 ||| DRINKING 2 grey potions.
  1856 | D:2      | Gained mutation: Your body sometimes deteriorates upon
                  | taking damage. [potion of mutation]
  1856 | D:2      | Gained mutation: You are dopey. (Int -2) [potion of
                  | mutation]
  1856 | D:2      | Gained mutation: You are frail. (-10% HP) [potion of
                  | mutation]
  1857 | D:2      | 1857 ||| DRINKING potion of mutation.
  1857 | D:2      | Lost mutation: Your body sometimes deteriorates upon taking
                  | damage. [potion of mutation]
  1857 | D:2      | Lost mutation: You are frail. (-10% HP) [potion of
                  | mutation]
  1857 | D:2      | Lost mutation: You are dopey. (Int -2) [potion of mutation]
  1857 | D:2      | Gained mutation: Your muscles are strong. (Str +4, Int/Dex
                  | -1) [potion of mutation]
  1857 | D:2      | Gained mutation: Your large and strong wings let you fly.
                  | [potion of mutation]
  1869 | D:2      | 1869 ||| READING 2 scrolls of identify.
  1869 | D:2      | 1869 ||| IDENTIFYING murky golden potion
  1870 | D:2      | 1870 ||| DROPPING potion of brilliance.
  1954 | D:3      | Noticed an ice beast
  1965 | D:3      | Killed an ice beast
  1966 | D:3      | Reached skill level 4 in Fighting
  2123 | D:3      | 2123 ||| Stepping ~*~*~tactically~*~*~ (stealth).
  2125 | D:3      | 2125 ||| Stepping ~*~*~tactically~*~*~ (hiding).
  2157 | D:3      | 2157 ||| FLEEEEING.
  2173 | D:3      | 2173 ||| Stepping ~*~*~tactically~*~*~ (stealth).
  2174 | D:3      | 2174 ||| DROPPING +0 whip.
  2361 | D:3      | 2361 ||| Stepping ~*~*~tactically~*~*~ (stealth).
  2363 | D:3      | 2363 ||| Stepping ~*~*~tactically~*~*~ (stealth).
  2364 | D:3      | 2364 ||| Stepping ~*~*~tactically~*~*~ (hiding).
  2365 | D:3      | 2365 ||| Stepping ~*~*~tactically~*~*~ (hiding).
  2382 | D:3      | 2382 ||| Stepping ~*~*~tactically~*~*~ (stealth).
  2390 | D:3      | Reached XP level 7. HP: 44/44 MP: 7/7
  2393 | D:3      | 2393 ||| DROPPING +0 mace.
  2419 | D:3      | 2419 ||| Stepping ~*~*~tactically~*~*~ (stealth).
  2579 | D:3      | 2579 ||| READING 2 scrolls labelled BOYGUSMYKYG.
  2580 | D:3      | 2580 ||| READING 2 scrolls of identify.
  2580 | D:3      | 2580 ||| IDENTIFYING fizzy grey potion
  2581 | D:3      | 2581 ||| DROPPING potion of degeneration.
  2582 | D:3      | 2582 ||| DROPPING scroll of immolation.
  2601 | D:4      | 2601 ||| Stepping ~*~*~tactically~*~*~ (stealth).
  2603 | D:4      | 2603 ||| Stepping ~*~*~tactically~*~*~ (hiding).
  2604 | D:4      | 2604 ||| Stepping ~*~*~tactically~*~*~ (hiding).
  2791 | D:4      | Reached skill level 6 in Axes
  2826 | D:4      | 2826 ||| Stepping ~*~*~tactically~*~*~ (hiding).
  2828 | D:4      | 2828 ||| Stepping ~*~*~tactically~*~*~ (hiding).
  2831 | D:4      | 2831 ||| Stepping ~*~*~tactically~*~*~ (hiding).
  2965 | D:4      | 2965 ||| Stepping ~*~*~tactically~*~*~ (stealth).
  3020 | D:4      | 3020 ||| Stepping ~*~*~tactically~*~*~ (stealth).
  3031 | D:4      | 3031 ||| Stepping ~*~*~tactically~*~*~ (hiding).
  3212 | D:4      | Found a faded altar of an unknown god.
  3212 | D:4      | Found a faded altar of an unknown god.
  3220 | D:4      | Found a stormy altar of Qazlal.
  3222 | D:4      | Found a shimmering blue altar of Sif Muna.
  3224 | D:4      | Found a radiant altar of Vehumet.
  3382 | D:4      | 3382 ||| DRINKING 4 potions of curing.
  3382 | D:4      | 3382 ||| (to cure confusion)
  3545 | D:4      | 3545 ||| READING scroll labelled MOYHATWITU.
  3546 | D:4      | 3546 ||| READING scroll labelled ACEOLE ZEPEST.
  3577 | D:4      | 3577 ||| READING 2 scrolls labelled RUVARAUDIM.
  3578 | D:4      | 3578 ||| READING scroll labelled LAG VODUGH.
  3579 | D:4      | 3579 ||| DROPPING scroll of revelation.
  3633 | D:5      | Entered Level 5 of the Dungeon
  3634 | D:5      | 3634 ||| PLANNING OSSUARY
  3636 | D:5      | 3636 ||| Stepping ~*~*~tactically~*~*~ (stealth).
  3670 | D:5      | 3670 ||| Stepping ~*~*~tactically~*~*~ (hiding).
  3681 | D:5      | Reached skill level 5 in Fighting
  3769 | D:5      | Reached XP level 8. HP: 20/49 MP: 8/8
  3799 | D:5      | 3799 ||| DRINKING 3 potions of curing.
  3799 | D:5      | 3799 ||| (to cure confusion)
  3937 | D:5      | 3937 ||| Stepping ~*~*~tactically~*~*~ (stealth).
  3939 | D:5      | 3939 ||| Stepping ~*~*~tactically~*~*~ (stealth).
  3951 | D:5      | 3951 ||| Stepping ~*~*~tactically~*~*~ (stealth).
  3983 | D:5      | 3983 ||| Stepping ~*~*~tactically~*~*~ (stealth).
  3994 | D:5      | Found Joapsil's Magic Scroll Boutique.
  4002 | D:5      | 4002 ||| BUYING scroll of identify (24 gold).
  4002 | D:5      | Bought a scroll of identify for 24 gold pieces
  4002 | D:5      | 4002 ||| BUYING scroll of identify (24 gold).
  4002 | D:5      | Bought a scroll of identify for 24 gold pieces
  4002 | D:5      | 4002 ||| BUYING scroll of identify (24 gold).
  4002 | D:5      | Bought a scroll of identify for 24 gold pieces
  4002 | D:5      | 4002 ||| BUYING scroll of teleportation (36 gold).
  4002 | D:5      | Bought a scroll of teleportation for 36 gold pieces
  4002 | D:5      | 4002 ||| BUYING scroll of teleportation (36 gold).
  4002 | D:5      | Bought a scroll of teleportation for 36 gold pieces
  4004 | D:5      | 4004 ||| Stepping ~*~*~tactically~*~*~ (stealth).
  4061 | D:5      | Found a sand-covered staircase.
  4062 | D:5      | 4062 ||| UPGRADING to +4 ring of protection.
  4064 | D:5      | 4064 ||| DROPPING +6 ring of dexterity.
  4065 | D:5      | 4065 ||| READING 9 scrolls of identify.
  4065 | D:5      | 4065 ||| IDENTIFYING fizzy coppery potion
  4066 | D:5      | 4066 ||| READING 8 scrolls of identify.
  4066 | D:5      | 4066 ||| IDENTIFYING cyan potion
  4067 | D:5      | 4067 ||| DROPPING potion of enlightenment.
  4078 | Ossuary  | Entered an ossuary
  4279 | Ossuary  | 4279 ||| DRINKING 2 yellow potions.
  4280 | Ossuary  | 4280 ||| READING 9 scrolls of identify.
  4280 | Ossuary  | 4280 ||| IDENTIFYING fuming inky potion
  4285 | D:5      | 4285 ||| PLANNING D:1-11
  4432 | D:5      | 4432 ||| Stepping ~*~*~tactically~*~*~ (stealth).
  4453 | D:5      | Reached skill level 6 in Fighting
  4453 | D:5      | Found a staircase to the Ecumenical Temple.
  4454 | D:5      | 4454 ||| PLANNING TEMPLE
  4454 | D:5      | 4454 ||| READING 9 scrolls of identify.
  4454 | D:5      | 4454 ||| IDENTIFYING fizzy white potion
  4455 | D:5      | 4455 ||| DROPPING potion of ambrosia.
  4464 | Temple   | Entered the Ecumenical Temple
  4540 | Temple   | 4540 ||| PLANNING OKAWARU WORSHIP
  4625 | Temple   | Became a worshipper of Warmaster Okawaru
  4626 | Temple   | 4626 ||| PLANNING D:1-11
  4783 | D:5      | 4783 ||| Stepping randomly (stuck).
  5001 | D:6      | Reached XP level 9. HP: 55/55 MP: 9/9
  5004 | D:6      | 5004 ||| FLEEEEING.
  5015 | D:6      | 5015 ||| Stepping ~*~*~tactically~*~*~ (stealth).
  5135 | D:6      | 5135 ||| Stepping ~*~*~tactically~*~*~ (stealth).
  5341 | D:6      | Noticed Blork the orc
  5342 | D:6      | 5342 ||| Stepping ~*~*~tactically~*~*~ (hiding).
  5343 | D:6      | 5343 ||| Stepping ~*~*~tactically~*~*~ (hiding).
  5350 | D:6      | Killed Blork the orc
  5370 | D:6      | Reached skill level 9 in Axes
  5449 | D:6      | 5449 ||| Stepping ~*~*~tactically~*~*~ (stealth).
  5450 | D:6      | 5450 ||| Stepping ~*~*~tactically~*~*~ (stealth).
  5535 | D:6      | Reached * piety under Okawaru
  5554 | D:6      | Reached skill level 1 in Invocations
  5760 | D:6      | 5760 ||| INVOKING Heroism.
  5827 | D:6      | 5827 ||| Stepping ~*~*~tactically~*~*~ (stealth).
  5899 | D:6      | 5899 ||| UPGRADING to +5 ring of evasion.
  5901 | D:6      | 5901 ||| DROPPING ring of magical power.
  5902 | D:6      | 5902 ||| DROPPING +4 ring of protection.
  5942 | D:7      | Noticed a two-headed ogre
  5943 | D:7      | 5943 ||| INVOKING Heroism.
  5954 | D:7      | Killed a two-headed ogre
  5955 | D:7      | Reached skill level 7 in Fighting
  6089 | D:7      | You are sucked into a shaft and drop 3 floors!
  6089 | D:10     | Entered Level 10 of the Dungeon
  6093 | D:10     | 6093 ||| Stepping ~*~*~tactically~*~*~ (stealth).
  6097 | D:10     | 6097 ||| Stepping ~*~*~tactically~*~*~ (stealth).
  6099 | D:10     | 6099 ||| INVOKING Heroism.
  6102 | D:10     | 6102 ||| Stepping ~*~*~tactically~*~*~ (hiding).
  6160 | D:10     | Found an ornate altar of the Wu Jian Council.
  6174 | D:10     | Found Jeca's Weapon Boutique.
  6179 | D:10     | 6179 ||| INVOKING Heroism.
  6190 | D:10     | Reached XP level 10. HP: 59/64 MP: 11/13
  6204 | D:10     | Found a staircase to the Orcish Mines.
  6206 | D:10     | Found Yrouleg's Armour Boutique.
  6214 | D:10     | 6214 ||| Stepping ~*~*~tactically~*~*~ (stealth).
  6217 | D:10     | 6217 ||| Stepping ~*~*~tactically~*~*~ (stealth).
  6248 | D:10     | 6248 ||| BUYING +2 scale mail of cold resistance (294
                  | gold).
  6248 | D:10     | Bought a +2 scale mail of cold resistance for 294 gold
                  | pieces
  6282 | D:10     | 6282 ||| READING scroll of brand weapon.
  6282 | D:10     | 6282 ||| BRANDING +1 war axe of venom.
  6304 | D:10     | 6304 ||| INVOKING Heroism.
  6361 | D:10     | 6361 ||| UPGRADING to +0 plate armour.
  6371 | D:10     | 6371 ||| DROPPING +0 chain mail.
  6372 | D:10     | 6372 ||| UPGRADING to +1 cloak.
  6386 | D:9      | 6386 ||| Stepping ~*~*~tactically~*~*~ (hiding).
  6387 | D:9      | 6387 ||| Stepping ~*~*~tactically~*~*~ (hiding).
  6399 | D:9      | Noticed Joseph
  6415 | D:9      | Killed Joseph
  6415 | D:9      | Reached ** piety under Okawaru
  6416 | D:9      | Reached skill level 6 in Armour
  6438 | D:9      | 6438 ||| Stepping ~*~*~tactically~*~*~ (stealth).
  6439 | D:9      | 6439 ||| INVOKING Heroism.
  6447 | D:9      | 6447 ||| Stepping ~*~*~tactically~*~*~ (stealth).
  6454 | D:9      | 6454 ||| Stepping ~*~*~tactically~*~*~ (hiding).
  6457 | D:9      | 6457 ||| Stepping ~*~*~tactically~*~*~ (hiding).
  6485 | D:9      | 6485 ||| FLEEEEING.
  6492 | D:9      | 6492 ||| STAIRDANCE
  6561 | D:7      | 6561 ||| Stepping ~*~*~tactically~*~*~ (stealth).
  6569 | D:7      | Reached skill level 8 in Fighting
  6712 | D:7      | Reached *** piety under Okawaru
  7006 | D:7      | 7006 ||| UPGRADING to amulet of the acrobat.
  7011 | D:7      | 7011 ||| READING 10 scrolls of identify.
  7011 | D:7      | 7011 ||| IDENTIFYING black potion
  7156 | D:8      | Found a sacrificial altar of Ru.
  7332 | D:8      | 7332 ||| Stepping ~*~*~tactically~*~*~ (stealth).
  7334 | D:8      | 7334 ||| Stepping ~*~*~tactically~*~*~ (hiding).
  7335 | D:8      | 7335 ||| Stepping ~*~*~tactically~*~*~ (hiding).
  7336 | D:8      | 7336 ||| Stepping ~*~*~tactically~*~*~ (hiding).
  7337 | D:8      | 7337 ||| Stepping ~*~*~tactically~*~*~ (hiding).
  7340 | D:8      | 7340 ||| INVOKING Heroism.
  7922 | D:8      | 7922 ||| READING 10 scrolls of identify.
  7922 | D:8      | 7922 ||| IDENTIFYING emerald potion
  8001 | D:9      | 8001 ||| Stepping ~*~*~tactically~*~*~ (stealth).
  8079 | D:9      | 8079 ||| Stepping ~*~*~tactically~*~*~ (stealth).
  8082 | D:9      | 8082 ||| Stepping ~*~*~tactically~*~*~ (hiding).
  8083 | D:9      | 8083 ||| Stepping ~*~*~tactically~*~*~ (hiding).
  8120 | D:9      | 8120 ||| Stepping ~*~*~tactically~*~*~ (stealth).
  8142 | D:9      | 8142 ||| Stepping ~*~*~tactically~*~*~ (stealth).
  8143 | D:9      | 8143 ||| Stepping ~*~*~tactically~*~*~ (stealth).
  8166 | D:9      | Found a sparkling altar of Nemelex Xobeh.
  8171 | D:9      | 8171 ||| Stepping ~*~*~tactically~*~*~ (stealth).
  8173 | D:9      | 8173 ||| Stepping ~*~*~tactically~*~*~ (stealth).
  8192 | D:9      | Reached XP level 11. HP: 65/68 MP: 14/14
  8481 | D:9      | Noticed a centaur warrior
  8488 | D:9      | Killed a centaur warrior
  8488 | D:9      | Reached **** piety under Okawaru
  8573 | D:9      | 8573 ||| UPGRADING to +0 kite shield.
  8583 | D:9      | 8583 ||| DROPPING +0 buckler.
  8627 | D:10     | 8627 ||| DROPPING +0 flail.
  8628 | D:10     | 8628 ||| DROPPING +1 flail of draining.
  8669 | D:10     | 8669 ||| Stepping ~*~*~tactically~*~*~ (stealth).
  8719 | D:10     | Found Icrer's Distillery.
  8728 | D:10     | 8728 ||| BUYING potion of curing (42 gold).
  8728 | D:10     | Bought a potion of curing for 42 gold pieces
  8728 | D:10     | 8728 ||| BUYING potion of haste (140 gold).
  8728 | D:10     | Bought a potion of haste for 140 gold pieces
  8728 | D:10     | 8728 ||| SHOPLISTING potion of heal wounds (70 gold, have
                  | 63).
  8728 | D:10     | 8728 ||| BUYING potion of lignification (42 gold).
  8728 | D:10     | Bought a potion of lignification for 42 gold pieces
  8728 | D:10     | 8728 ||| SHOPLISTING potion of lignification (42 gold, have
                  | 21).
  8775 | D:10     | Found a staircase to the Lair.
  8831 | D:10     | Identified the +3 scale mail of the Undertaker {Rampage}
  9105 | D:10     | 9105 ||| Stepping ~*~*~tactically~*~*~ (hiding).
  9108 | D:10     | 9108 ||| Stepping ~*~*~tactically~*~*~ (hiding).
  9117 | D:10     | 9117 ||| Stepping ~*~*~tactically~*~*~ (hiding).
  9118 | D:10     | 9118 ||| Stepping ~*~*~tactically~*~*~ (hiding).
  9122 | D:10     | 9122 ||| Stepping ~*~*~tactically~*~*~ (hiding).
  9221 | D:10     | 9221 ||| READING scroll of enchant weapon.
  9221 | D:10     | 9221 ||| ENCHANTING +1 war axe of draining.
  9226 | D:10     | 9226 ||| Stepping ~*~*~tactically~*~*~ (hiding).
  9374 | D:10     | 9374 ||| PLANNING LAIR
  9374 | D:10     | 9374 ||| READING scroll labelled QAKHIDD ZONUYCW.
  9436 | Lair:1   | Entered Level 1 of the Lair of Beasts
  9442 | Lair:1   | Reached skill level 6 in Shields
  9459 | Lair:1   | Received a gift from Okawaru
  9497 | Lair:1   | Reached skill level 6 in Invocations
  9533 | Lair:1   | 9533 ||| INVOKING Heroism.
  9547 | Lair:1   | Reached ***** piety under Okawaru
  9607 | Lair:1   | Noticed Fannar
  9627 | Lair:1   | 9627 ||| INVOKING Heroism.
  9629 | Lair:1   | Killed Fannar
  9743 | Lair:1   | Received a gift from Okawaru
  9864 | Lair:1   | 9864 ||| INVOKING Heroism.
  9872 | Lair:1   | Reached XP level 12. HP: 75/75 MP: 16/18
  9939 | Lair:1   | Noticed Amaemon
  9940 | Lair:1   | 9940 ||| INVOKING Heroism.
  9951 | Lair:1   | Killed Amaemon
  9952 | Lair:1   | Reached skill level 3 in Throwing
 10127 | Lair:1   | 10127 ||| FLEEEEING.
 10128 | Lair:1   | 10128 ||| FLEEEEING.
 10129 | Lair:1   | 10129 ||| FLEEEEING.
 10130 | Lair:1   | 10130 ||| FLEEEEING.
 10131 | Lair:1   | 10131 ||| FLEEEEING.
 10176 | Lair:1   | 10176 ||| DRINKING 2 fuming purple potions.
 10210 | Lair:2   | 10210 ||| INVOKING Heroism.
 10220 | Lair:2   | Reached skill level 9 in Invocations
 10227 | Lair:2   | Reached skill level 9 in Shields
 10230 | Lair:2   | 10230 ||| Stepping ~*~*~tactically~*~*~ (hiding).
 10389 | Lair:2   | 10389 ||| INVOKING Heroism.
 10537 | Lair:2   | 10537 ||| INVOKING Heroism.
 10546 | Lair:2   | Received a gift from Okawaru
 10548 | Lair:2   | Noticed Prince Ribbit
 10567 | Lair:2   | Reached skill level 9 in Fighting
 10567 | Lair:2   | Killed Prince Ribbit
 10642 | Lair:2   | 10642 ||| INVOKING Heroism.
 10791 | Lair:2   | Found a runed translucent gate.
 10791 | Lair:2   | Found a runed translucent gate.
 10791 | Lair:2   | Noticed an eight-headed hydra
 10791 | Lair:2   | Noticed qw's ghost (journeyman GrFi)
 10792 | Lair:2   | 10792 ||| INVOKING Heroism.
 10793 | Lair:2   | 10793 ||| INVOKING Finesse.
 10797 | Lair:2   | 10797 ||| SWAPPING to +1 demon whip of venom.
 10799 | Lair:2   | Killed an eight-headed hydra
 10800 | Lair:2   | 10800 ||| UPGRADING to +0 war axe.
 10801 | Lair:2   | 10801 ||| UPGRADING to +2 war axe of draining.
 10840 | Lair:2   | Found a runed translucent gate.
 10842 | Lair:2   | Noticed a skyshark
 10868 | Lair:2   | Noticed a death yak
 10869 | Lair:2   | 10869 ||| INVOKING Heroism.
 10872 | Lair:2   | 10872 ||| Stepping ~*~*~tactically~*~*~ (stealth).
 10883 | Lair:2   | Killed a death yak
 11215 | Lair:2   | 11215 ||| Stepping ~*~*~tactically~*~*~ (stealth).
 11217 | Lair:2   | 11217 ||| Stepping ~*~*~tactically~*~*~ (stealth).
 11218 | Lair:2   | 11218 ||| Stepping ~*~*~tactically~*~*~ (stealth).
 11219 | Lair:2   | 11219 ||| INVOKING Heroism.
 11228 | Lair:2   | 11228 ||| Stepping ~*~*~tactically~*~*~ (stealth).
 11233 | Lair:2   | Reached skill level 12 in Axes
 11240 | Lair:2   | 11240 ||| Stepping ~*~*~tactically~*~*~ (stealth).
 11244 | Lair:2   | 11244 ||| Stepping ~*~*~tactically~*~*~ (stealth).
 11372 | Lair:2   | Noticed a four-headed hydra
 11373 | Lair:2   | 11373 ||| INVOKING Heroism.
 11377 | Lair:2   | 11377 ||| SWAPPING to +1 demon whip of venom.
 11381 | Lair:2   | Killed a four-headed hydra
 11382 | Lair:2   | Reached skill level 9 in Armour
 11382 | Lair:2   | Reached XP level 13. HP: 80/80 MP: 18/20
 11382 | Lair:2   | 11382 ||| UPGRADING to +0 war axe.
 11383 | Lair:2   | 11383 ||| UPGRADING to +2 war axe of draining.
 12473 | Lair:3   | 12473 ||| STAIRDANCE
 12573 | Lair:3   | 12573 ||| STAIRDANCE
 12657 | Lair:3   | 12657 ||| STAIRDANCE
 12665 | Lair:2   | 12665 ||| INVOKING Heroism.
 12809 | Lair:3   | 12809 ||| STAIRDANCE
 12882 | Lair:3   | Noticed Gastronok
 12883 | Lair:3   | 12883 ||| INVOKING Heroism.
 12896 | Lair:3   | Killed Gastronok
 12953 | Lair:3   | 12953 ||| INVOKING Heroism.
 12967 | Lair:3   | 12967 ||| Stepping ~*~*~tactically~*~*~ (stealth).
 12969 | Lair:3   | 12969 ||| Stepping ~*~*~tactically~*~*~ (stealth).
 12970 | Lair:3   | 12970 ||| INVOKING Heroism.
 12984 | Lair:3   | 12984 ||| Stepping ~*~*~tactically~*~*~ (stealth).
 12996 | Lair:3   | Reached skill level 10 in Fighting
 13113 | Lair:3   | Found a staircase to the Swamp.
 13200 | Lair:3   | Found a hole to the Spider Nest.
 13253 | Lair:3   | You are sucked into a shaft and drop 2 floors!
 13253 | Lair:5   | Entered Level 5 of the Lair of Beasts
 13254 | Lair:5   | 13254 ||| PLANNING GAUNTLET
 13345 | Lair:5   | 13345 ||| INVOKING Heroism.
 13494 | Lair:5   | 13494 ||| Stepping ~*~*~tactically~*~*~ (stealth).
 13497 | Lair:5   | 13497 ||| Stepping ~*~*~tactically~*~*~ (stealth).
 13498 | Lair:5   | 13498 ||| Stepping ~*~*~tactically~*~*~ (stealth).
 13507 | Lair:5   | 13507 ||| INVOKING Heroism.
 13516 | Lair:5   | Received a gift from Okawaru
 13764 | Lair:5   | Found a gate leading to a gauntlet.
 13765 | Lair:5   | 13765 ||| DROPPING +6 ring of intelligence.
 13766 | Lair:5   | 13766 ||| READING scroll labelled URUSMAR CYROATT.
 13776 | Gauntlet | Entered a Gauntlet
 13776 | Gauntlet | Found a runed translucent door.
 13776 | Gauntlet | Found a transporter.
 13776 | Gauntlet | Found a runed translucent door.
 13776 | Gauntlet | Found a transporter.
 13782 | Gauntlet | Found a transporter.
 13799 | Gauntlet | Found a transporter.
 13815 | Gauntlet | Found a transporter.
 13815 | Gauntlet | Found a transporter.
 13815 | Gauntlet | Found a transporter.
 13817 | Gauntlet | Found a transporter.
 13817 | Gauntlet | Found a transporter.
 13828 | Gauntlet | Found a runed translucent gate.
 13830 | Gauntlet | Found a runed translucent gate.
 13830 | Gauntlet | Found a transporter.
 13831 | Gauntlet | Found a runed translucent gate.
 13848 | Gauntlet | Found a transporter.
 13858 | Gauntlet | Found a transporter.
 13875 | Gauntlet | Found a transporter.
 13895 | Gauntlet | Found a transporter.
 13895 | Gauntlet | Found the ring of Shadows {Umbra +Inv Stlth+}
 13992 | Gauntlet | 13992 ||| Stepping ~*~*~tactically~*~*~ (hiding).
 13994 | Gauntlet | 13994 ||| INVOKING Heroism.
 14060 | Gauntlet | Identified the ring "Cimimo Ybyipn" {rF+ Will+ rCorr}
 14062 | Gauntlet | 14062 ||| UPGRADING to ring "Cimimo Ybyipn" {rF+ Will+
                  | rCorr}.
 14064 | Gauntlet | 14064 ||| UPGRADING to +5 ring of evasion.
 14066 | Gauntlet | 14066 ||| READING 13 scrolls of identify.
 14066 | Gauntlet | 14066 ||| IDENTIFYING bubbling dark potion
 14067 | Gauntlet | 14067 ||| DROPPING potion of invisibility.
 14092 | Gauntlet | Identified the +1 helmet "Ukeulauph" {Int+4}
 14095 | Gauntlet | 14095 ||| UPGRADING to +1 helmet "Ukeulauph" {Int+4}.
 14105 | Gauntlet | 14105 ||| DROPPING +0 helmet.
 14168 | Gauntlet | Noticed a minotaur
 14169 | Gauntlet | 14169 ||| Stepping ~*~*~tactically~*~*~ (stealth).
 14170 | Gauntlet | 14170 ||| Stepping ~*~*~tactically~*~*~ (stealth).
 14175 | Gauntlet | 14175 ||| INVOKING Heroism.
 14176 | Gauntlet | 14176 ||| INVOKING Finesse.
 14191 | Gauntlet | Killed a minotaur
 14229 | Gauntlet | 14229 ||| READING scroll of brand weapon.
 14229 | Gauntlet | 14229 ||| BRANDING +2 war axe of draining.
 14230 | Gauntlet | 14230 ||| DROPPING +0 war axe.
 14232 | Gauntlet | Identified the +0 helmet "Tis Jarph" {*Slow rC+ Dex+4 SInv}
 14232 | Gauntlet | Identified the +4 long sword "Newtslayer" {heavy, *Noise
                  | Str+4 Dex+7}
 14282 | Gauntlet | 14282 ||| UPGRADING to +0 helmet "Tis Jarph" {*Slow rC+
                  | Dex+4 SInv}.
 14342 | Lair:5   | 14342 ||| PLANNING LAIR
 14377 | Lair:4   | 14377 ||| INVOKING Heroism.
 14379 | Lair:4   | 14379 ||| SWAPPING to +1 demon whip of venom.
 14380 | Lair:4   | 14380 ||| INVOKING Finesse.
 14453 | Lair:4   | 14453 ||| UPGRADING to +2 war axe of freezing.
 14493 | Lair:4   | Reached skill level 3 in Dodging
 14697 | Lair:3   | 14697 ||| Stepping ~*~*~tactically~*~*~ (stealth).
 14700 | Lair:3   | 14700 ||| Stepping ~*~*~tactically~*~*~ (stealth).
 14805 | Lair:3   | 14805 ||| INVOKING Heroism.
 14844 | Lair:3   | Mutation became permanent: Your large and strong wings let
                  | you fly. [Gargoyle growth]
 14844 | Lair:3   | Gained mutation: Your large and strong wings let you fly.
                  | [Gargoyle growth]
 14844 | Lair:3   | Reached XP level 14. HP: 79/88 MP: 21/21
 15069 | Lair:4   | 15069 ||| Stepping ~*~*~tactically~*~*~ (stealth).
 15136 | Lair:4   | 15136 ||| FLEEEEING.
 15137 | Lair:4   | 15137 ||| FLEEEEING.
 15138 | Lair:4   | 15138 ||| FLEEEEING.
 15139 | Lair:4   | 15139 ||| FLEEEEING.
 15140 | Lair:4   | 15140 ||| FLEEEEING.
 15141 | Lair:4   | 15141 ||| FLEEEEING.
 15142 | Lair:4   | 15142 ||| FLEEEEING.
 15143 | Lair:4   | 15143 ||| FLEEEEING.
 15144 | Lair:4   | 15144 ||| FLEEEEING.
 15145 | Lair:4   | 15145 ||| FLEEEEING.
 15146 | Lair:4   | 15146 ||| STAIRDANCE
 15158 | Lair:4   | 15158 ||| STAIRDANCE
 15165 | Lair:3   | 15165 ||| INVOKING Heroism.
 15367 | Lair:4   | Found a viscous altar of Jiyva.
 15376 | Lair:4   | Found a staircase to the Slime Pits.
 15449 | Lair:4   | 15449 ||| READING scroll of brand weapon.
 15449 | Lair:4   | 15449 ||| BRANDING +2 war axe of freezing.
 15454 | Lair:4   | 15454 ||| INVOKING Heroism.
 15459 | Lair:4   | 15459 ||| INVOKING Finesse.
 15844 | Lair:4   | Received a gift from Okawaru
 16011 | Lair:4   | 16011 ||| READING scroll labelled ZOGGAE LYAMA.
 16012 | Lair:4   | 16012 ||| READING scroll labelled TASTRO XOONN.
 16080 | Lair:5   | 16080 ||| INVOKING Heroism.
 16081 | Lair:5   | 16081 ||| INVOKING Finesse.
 16097 | Lair:5   | Reached skill level 11 in Fighting
 16243 | Lair:5   | 16243 ||| Stepping ~*~*~tactically~*~*~ (stealth).
 16244 | Lair:5   | 16244 ||| INVOKING Heroism.
 16315 | Lair:5   | 16315 ||| Stepping ~*~*~tactically~*~*~ (stealth).
 16324 | Lair:5   | Reached skill level 12 in Shields
 16330 | Lair:5   | Received a gift from Okawaru
 16415 | Lair:5   | Identified the +1 ring mail "Fioz" {+Inv rC- Regen+ Dex+3}
 16667 | Lair:5   | 16667 ||| READING scroll of enchant weapon.
 16667 | Lair:5   | 16667 ||| ENCHANTING +2 spectral war axe.
 16847 | Lair:5   | 16847 ||| PLANNING D:1-11
 16847 | Lair:5   | 16847 ||| READING 3 scrolls labelled CALEZI FEUHOIT.
 16848 | Lair:5   | 16848 ||| DROPPING 2 scrolls of vulnerability.
 17102 | D:11     | 17102 ||| Stepping ~*~*~tactically~*~*~ (hiding).
 17220 | D:11     | Received a gift from Okawaru
 17787 | D:11     | 17787 ||| PLANNING D
 17787 | D:11     | 17787 ||| READING scroll labelled JEGURY ZUTEI.
 17871 | D:12     | Noticed Psyche
 17878 | Abyss:2  | Cast into level 2 of the Abyss (Psyche)
 17897 | Abyss:2  | 17897 ||| Stepping ~*~*~tactically~*~*~ (stealth).
 17920 | Abyss:2  | Found a corrupted altar of Lugonu.
 17951 | Abyss:2  | 17951 ||| Stepping ~*~*~tactically~*~*~ (stealth).
 17952 | Abyss:2  | 17952 ||| Stepping ~*~*~tactically~*~*~ (stealth).
 17962 | Abyss:2  | 17962 ||| Stepping ~*~*~tactically~*~*~ (stealth).
 17981 | Abyss:2  | 17981 ||| Stepping ~*~*~tactically~*~*~ (stealth).
 17985 | Abyss:2  | Paralysed by an air elemental for 1 turns
 17999 | Abyss:2  | 17999 ||| Stepping ~*~*~tactically~*~*~ (stealth).
 18020 | Abyss:2  | 18020 ||| Stepping ~*~*~tactically~*~*~ (stealth).
 18052 | Abyss:2  | 18052 ||| Stepping ~*~*~tactically~*~*~ (hiding).
 18055 | Abyss:2  | 18055 ||| Stepping ~*~*~tactically~*~*~ (hiding).
 18087 | Abyss:2  | 18087 ||| Stepping ~*~*~tactically~*~*~ (stealth).
 18100 | Abyss:2  | 18100 ||| Stepping ~*~*~tactically~*~*~ (stealth).
 18108 | Abyss:2  | Noticed a tentacled starspawn
 18109 | Abyss:2  | 18109 ||| Stepping ~*~*~tactically~*~*~ (stealth).
 18116 | Abyss:2  | 18116 ||| Stepping ~*~*~tactically~*~*~ (hiding).
 18124 | Abyss:2  | Identified the +0 helmet "Onacry" {rCorr} (Okawaru gifted
                  | it to you on level 2 of the Abyss)
 18124 | Abyss:2  | Received a gift from Okawaru
 18129 | Abyss:2  | 18129 ||| INVOKING Heroism.
 18132 | Abyss:2  | Killed a tentacled starspawn
 18141 | Abyss:2  | 18141 ||| Stepping ~*~*~tactically~*~*~ (stealth).
 18198 | Abyss:2  | Noticed a starcursed mass
 18214 | Abyss:2  | 18214 ||| Stepping ~*~*~tactically~*~*~ (hiding).
 18215 | Abyss:2  | 18215 ||| Stepping ~*~*~tactically~*~*~ (hiding).
 18216 | Abyss:2  | 18216 ||| Stepping ~*~*~tactically~*~*~ (hiding).
 18217 | Abyss:2  | 18217 ||| Stepping ~*~*~tactically~*~*~ (stealth).
 18218 | Abyss:2  | 18218 ||| Stepping ~*~*~tactically~*~*~ (hiding).
 18219 | Abyss:2  | 18219 ||| Stepping ~*~*~tactically~*~*~ (hiding).
 18220 | Abyss:2  | 18220 ||| Stepping ~*~*~tactically~*~*~ (stealth).
 18221 | Abyss:2  | 18221 ||| INVOKING Heroism.
 18231 | Abyss:2  | 18231 ||| Stepping ~*~*~tactically~*~*~ (stealth).
 18241 | Abyss:2  | Reached skill level 15 in Axes
 18250 | D:12     | Escaped the Abyss
 18253 | D:12     | Killed Psyche
 18544 | D:12     | Reached skill level 6 in Throwing
 18684 | D:12     | Noticed Snorg
 18685 | D:12     | 18685 ||| INVOKING Heroism.
 18686 | D:12     | 18686 ||| INVOKING Finesse.
 18690 | D:12     | Killed Snorg
 18691 | D:12     | Reached XP level 15. HP: 94/94 MP: 14/22
 18735 | D:12     | 18735 ||| Stepping ~*~*~tactically~*~*~ (stealth).
 19088 | D:12     | 19088 ||| Stepping ~*~*~tactically~*~*~ (hiding).
 19478 | D:12     | 19478 ||| Stepping ~*~*~tactically~*~*~ (stealth).
 19483 | D:12     | 19483 ||| Stepping ~*~*~tactically~*~*~ (stealth).
 19484 | D:12     | 19484 ||| Stepping ~*~*~tactically~*~*~ (stealth).
 19653 | D:12     | 19653 ||| UPGRADING to amulet of regeneration.
 19663 | D:12     | 19663 ||| DROPPING amulet of the acrobat.
 19664 | D:12     | 19664 ||| DRINKING 2 sedimented yellow potions.
 19769 | D:12     | 19769 ||| DROPPING potion of berserk rage.
 19784 | D:13     | 19784 ||| INVOKING Heroism.
 19787 | D:13     | 19787 ||| SWAPPING to +1 demon whip of venom.
 19823 | D:13     | 19823 ||| UPGRADING to +3 spectral war axe.
 19858 | D:13     | Noticed Josephine
 19859 | D:13     | 19859 ||| Stepping ~*~*~tactically~*~*~ (hiding).
 19868 | D:13     | Killed Josephine
 19869 | D:13     | Reached skill level 12 in Fighting
 19881 | D:13     | 19881 ||| Stepping ~*~*~tactically~*~*~ (hiding).
 19938 | D:13     | Noticed Kirke
 19938 | D:13     | 19938 ||| INVOKING Heroism.
 19954 | D:13     | Killed Kirke
 19966 | D:13     | Received a gift from Okawaru
 20085 | D:13     | Noticed Urug
 20086 | D:13     | 20086 ||| FLEEEEING.
 20087 | D:13     | 20087 ||| FLEEEEING.
 20088 | D:13     | 20088 ||| FLEEEEING.
 20089 | D:13     | 20089 ||| FLEEEEING.
 20090 | D:13     | 20090 ||| FLEEEEING.
 20091 | D:13     | 20091 ||| FLEEEEING.
 20097 | D:13     | 20097 ||| Stepping ~*~*~tactically~*~*~ (hiding).
 20101 | D:13     | 20101 ||| INVOKING Heroism.
 20109 | D:13     | Killed Urug
 20183 | D:13     | 20183 ||| Stepping ~*~*~tactically~*~*~ (hiding).
 20184 | D:13     | 20184 ||| Stepping ~*~*~tactically~*~*~ (hiding).
 20254 | D:13     | Found a runed translucent door.
 20255 | D:13     | Noticed 00Nightcrawler's ghost (journeyman VSTm)
 20256 | D:13     | Identified the +2 spear "Hellblazer" {freeze, rPois Int-4
                  | Dex+2 Stlth+}
 20391 | D:13     | 20391 ||| Stepping ~*~*~tactically~*~*~ (hiding).
 21241 | D:14     | 21241 ||| Stepping ~*~*~tactically~*~*~ (hiding).
 21327 | D:14     | Received a gift from Okawaru
 21382 | D:14     | Found a gate to the Vaults.
 21391 | D:14     | 21391 ||| Stepping ~*~*~tactically~*~*~ (hiding).
 21392 | D:14     | 21392 ||| Stepping ~*~*~tactically~*~*~ (hiding).
 21507 | D:14     | 21507 ||| Stepping ~*~*~tactically~*~*~ (hiding).
 21560 | D:14     | 21560 ||| Stepping ~*~*~tactically~*~*~ (hiding).
 21654 | D:14     | 21654 ||| Stepping ~*~*~tactically~*~*~ (stealth).
 21662 | D:14     | 21662 ||| INVOKING Heroism.
 21666 | D:14     | 21666 ||| READING 17 scrolls of teleportation.
 21840 | D:15     | Entered Level 15 of the Dungeon
 21869 | D:15     | 21869 ||| Stepping ~*~*~tactically~*~*~ (stealth).
 21914 | D:15     | Found Vaink's Book Emporium.
 22087 | D:15     | 22087 ||| FLEEEEING.
 22093 | D:15     | 22093 ||| STAIRDANCE
 22176 | D:15     | Found a snail-covered altar of Cheibriados.
 22271 | D:15     | 22271 ||| INVOKING Heroism.
 22344 | D:15     | 22344 ||| Stepping ~*~*~tactically~*~*~ (hiding).
 22428 | D:15     | Paralysed by a great orb of eyes for 4 turns
 22436 | D:15     | Identified the +0 kite shield of the Blind Marksman {rC+
                  | Stlth+} (Okawaru gifted it to you on level 15 of the
                  | Dungeon)
 22436 | D:15     | Received a gift from Okawaru
 22437 | D:15     | 22437 ||| INVOKING Heroism.
 22491 | D:15     | 22491 ||| Stepping ~*~*~tactically~*~*~ (stealth).
 22492 | D:15     | 22492 ||| Stepping ~*~*~tactically~*~*~ (stealth).
 22495 | D:15     | 22495 ||| INVOKING Heroism.
 22496 | D:15     | 22496 ||| INVOKING Finesse.
 22497 | D:15     | 22497 ||| SWAPPING to +1 demon whip of venom.
 22538 | D:15     | 22538 ||| UPGRADING to +3 spectral war axe.
 22551 | D:15     | Found a staircase to the Depths.
 22562 | D:15     | 22562 ||| PLANNING ORC
 22562 | D:15     | 22562 ||| UPGRADING to +0 kite shield of the Blind Marksman
                  | {rC+ Stlth+}.
 22572 | D:15     | 22572 ||| DROPPING +0 kite shield.
 22718 | Orc:1    | Entered Level 1 of the Orcish Mines
 22825 | Orc:1    | 22825 ||| Stepping ~*~*~tactically~*~*~ (stealth).
 22945 | Orc:1    | 22945 ||| Stepping ~*~*~tactically~*~*~ (hiding).
 22947 | Orc:1    | 22947 ||| Stepping ~*~*~tactically~*~*~ (hiding).
 22952 | Orc:1    | 22952 ||| INVOKING Heroism.
 22967 | Orc:1    | Reached XP level 16. HP: 91/101 MP: 23/23
 22983 | Orc:1    | 22983 ||| FLEEEEING.
 23140 | Orc:2    | Entered Level 2 of the Orcish Mines
 23140 | Orc:2    | Found a staircase to the Elven Halls.
 23161 | Orc:2    | 23161 ||| Stepping ~*~*~tactically~*~*~ (stealth).
 23163 | Orc:2    | 23163 ||| Stepping ~*~*~tactically~*~*~ (hiding).
 23177 | Orc:2    | Reached skill level 12 in Armour
 23182 | Orc:2    | 23182 ||| DROPPING +5 morningstar.
 23183 | Orc:2    | 23183 ||| DROPPING +1 demon whip of venom.
 23208 | Orc:2    | 23208 ||| Stepping ~*~*~tactically~*~*~ (hiding).
 23220 | Orc:2    | 23220 ||| Stepping ~*~*~tactically~*~*~ (stealth).
 23231 | Orc:2    | 23231 ||| Stepping ~*~*~tactically~*~*~ (hiding).
 23272 | Orc:2    | Found a runed translucent door.
 23350 | Orc:1    | 23350 ||| Stepping ~*~*~tactically~*~*~ (hiding).
 23351 | Orc:1    | 23351 ||| INVOKING Heroism.
 23399 | Orc:1    | 23399 ||| Stepping ~*~*~tactically~*~*~ (hiding).
 23577 | Orc:2    | 23577 ||| Stepping ~*~*~tactically~*~*~ (hiding).
 23579 | Orc:2    | 23579 ||| Stepping ~*~*~tactically~*~*~ (hiding).
 23587 | Orc:2    | 23587 ||| INVOKING Heroism.
 23610 | Orc:2    | HP: 23/103 [orc high priest/divine providence (15)]
 23611 | Orc:2    | 23611 ||| READING 16 scrolls of teleportation.
 23612 | Orc:2    | 23612 ||| DRINKING 8 potions of heal wounds.
 23697 | Orc:2    | 23697 ||| INVOKING Heroism.
 23741 | Orc:2    | 23741 ||| Stepping ~*~*~tactically~*~*~ (hiding).
 23790 | Orc:2    | 23790 ||| Stepping ~*~*~tactically~*~*~ (stealth).
 23792 | Orc:2    | Found Xeyn's Weapon Shoppe.
 23792 | Orc:2    | Found Oniaxzuth's General Store.
 23793 | Orc:2    | Found Xelunaw's Magic Scroll Emporium.
 23797 | Orc:2    | Found Ujez's Book Emporium.
 23798 | Orc:2    | 23798 ||| Stepping ~*~*~tactically~*~*~ (hiding).
 23820 | Orc:2    | 23820 ||| BUYING potion of heal wounds (65 gold).
 23820 | Orc:2    | Bought a potion of heal wounds for 65 gold pieces
 23820 | Orc:2    | 23820 ||| BUYING potion of resistance (130 gold).
 23820 | Orc:2    | Bought a potion of resistance for 130 gold pieces
 23821 | Orc:2    | 23821 ||| BUYING scroll of enchant armour (105 gold).
 23821 | Orc:2    | Bought a scroll of enchant armour for 105 gold pieces
 23821 | Orc:2    | 23821 ||| READING scroll of enchant armour.
 23821 | Orc:2    | 23821 ||| ENCHANTING +0 pair of gloves.
 23992 | Orc:2    | Found Vihoax's Distillery.
 24029 | Orc:2    | 24029 ||| BUYING 2 potions of heal wounds (130 gold).
 24029 | Orc:2    | Bought 2 potions of heal wounds for 130 gold pieces
 24029 | Orc:2    | 24029 ||| BUYING potion of attraction (39 gold).
 24029 | Orc:2    | Bought a potion of attraction for 39 gold pieces
 24029 | Orc:2    | 24029 ||| BUYING potion of curing (39 gold).
 24029 | Orc:2    | Bought a potion of curing for 39 gold pieces
 24029 | Orc:2    | 24029 ||| BUYING potion of haste (130 gold).
 24029 | Orc:2    | Bought a potion of haste for 130 gold pieces
 24029 | Orc:2    | 24029 ||| BUYING potion of haste (130 gold).
 24029 | Orc:2    | Bought a potion of haste for 130 gold pieces
 24029 | Orc:2    | 24029 ||| BUYING potion of lignification (39 gold).
 24029 | Orc:2    | Bought a potion of lignification for 39 gold pieces
 24167 | Orc:2    | 24167 ||| PLANNING SPIDER:1-3
 24176 | Orc:2    | 24176 ||| PLANNING ORC
 24187 | Orc:2    | 24187 ||| PLANNING SPIDER:1-3
 24206 | Orc:2    | 24206 ||| PLANNING ORC
 24227 | Orc:2    | 24227 ||| PLANNING SPIDER:1-3
 24255 | Orc:2    | 24255 ||| PLANNING ORC
 24285 | Orc:2    | 24285 ||| PLANNING SPIDER:1-3
 24315 | Orc:2    | 24315 ||| PLANNING ORC
 24347 | Orc:2    | 24347 ||| PLANNING SPIDER:1-3
 24397 | Orc:2    | 24397 ||| PLANNING ORC
 24449 | Orc:2    | 24449 ||| PLANNING SPIDER:1-3
 24511 | Orc:2    | 24511 ||| PLANNING ORC
 24575 | Orc:2    | 24575 ||| PLANNING SPIDER:1-3
 24638 | Orc:2    | 24638 ||| PLANNING ORC
 24702 | Orc:2    | 24702 ||| Stepping randomly (stuck).
 24703 | Orc:2    | 24703 ||| PLANNING SPIDER:1-3
 24902 | Spider:1 | Entered Level 1 of the Spider Nest
 24915 | Spider:1 | Reached skill level 13 in Fighting
 24918 | Spider:1 | 24918 ||| INVOKING Heroism.
 25019 | Spider:1 | 25019 ||| Stepping ~*~*~tactically~*~*~ (stealth).
 25020 | Spider:1 | 25020 ||| Stepping ~*~*~tactically~*~*~ (stealth).
 25048 | Spider:1 | 25048 ||| INVOKING Heroism.
 25119 | Spider:1 | 25119 ||| Stepping ~*~*~tactically~*~*~ (stealth).
 25121 | Spider:1 | 25121 ||| Stepping ~*~*~tactically~*~*~ (stealth).
 25258 | Spider:1 | 25258 ||| Stepping ~*~*~tactically~*~*~ (stealth).
 25344 | Spider:1 | 25344 ||| INVOKING Heroism.
 25419 | Spider:1 | 25419 ||| INVOKING Heroism.
 25420 | Spider:1 | 25420 ||| Stepping ~*~*~tactically~*~*~ (stealth).
 25598 | Spider:1 | 25598 ||| Stepping ~*~*~tactically~*~*~ (hiding).
 25605 | Spider:1 | 25605 ||| INVOKING Heroism.
 25646 | Spider:1 | 25646 ||| Stepping ~*~*~tactically~*~*~ (hiding).
 25652 | Spider:1 | 25652 ||| Stepping ~*~*~tactically~*~*~ (hiding).
 25665 | Spider:1 | 25665 ||| Stepping ~*~*~tactically~*~*~ (stealth).
 25672 | Spider:1 | 25672 ||| Stepping ~*~*~tactically~*~*~ (stealth).
 25673 | Spider:1 | 25673 ||| Stepping ~*~*~tactically~*~*~ (stealth).
 25696 | Spider:1 | Reached skill level 14 in Fighting
 25846 | Spider:1 | 25846 ||| Stepping ~*~*~tactically~*~*~ (stealth).
 25852 | Spider:1 | 25852 ||| Stepping ~*~*~tactically~*~*~ (stealth).
 25867 | Spider:1 | 25867 ||| Stepping ~*~*~tactically~*~*~ (stealth).
 26263 | Spider:2 | 26263 ||| Stepping ~*~*~tactically~*~*~ (stealth).
 26264 | Spider:2 | 26264 ||| Stepping ~*~*~tactically~*~*~ (stealth).
 26298 | Spider:2 | Noticed Arachne
 26300 | Spider:2 | 26300 ||| Stepping ~*~*~tactically~*~*~ (stealth).
 26301 | Spider:2 | 26301 ||| Stepping ~*~*~tactically~*~*~ (hiding).
 26302 | Spider:2 | 26302 ||| INVOKING Heroism.
 26303 | Spider:2 | 26303 ||| Stepping ~*~*~tactically~*~*~ (hiding).
 26321 | Spider:2 | Killed Arachne
 26397 | Spider:2 | 26397 ||| Stepping ~*~*~tactically~*~*~ (stealth).
 26398 | Spider:2 | 26398 ||| FLEEEEING.
 26400 | Spider:2 | 26400 ||| Stepping ~*~*~tactically~*~*~ (stealth).
 26416 | Spider:2 | 26416 ||| INVOKING Heroism.
 26461 | Spider:2 | 26461 ||| READING scroll of enchant weapon.
 26461 | Spider:2 | 26461 ||| ENCHANTING +3 spectral war axe.
 26630 | Spider:2 | 26630 ||| Stepping ~*~*~tactically~*~*~ (stealth).
 26631 | Spider:2 | 26631 ||| Stepping ~*~*~tactically~*~*~ (stealth).
 26636 | Spider:2 | Received a gift from Okawaru
 26669 | Spider:2 | 26669 ||| Stepping ~*~*~tactically~*~*~ (stealth).
 26670 | Spider:2 | 26670 ||| Stepping ~*~*~tactically~*~*~ (stealth).
 26736 | Spider:2 | 26736 ||| Stepping ~*~*~tactically~*~*~ (stealth).
 26738 | Spider:2 | 26738 ||| Stepping ~*~*~tactically~*~*~ (stealth).
 26739 | Spider:2 | 26739 ||| Stepping ~*~*~tactically~*~*~ (stealth).
 26740 | Spider:2 | 26740 ||| Stepping ~*~*~tactically~*~*~ (stealth).
 26741 | Spider:2 | 26741 ||| Stepping ~*~*~tactically~*~*~ (stealth).
 26752 | Spider:2 | 26752 ||| INVOKING Heroism.
 26839 | Spider:2 | 26839 ||| Stepping ~*~*~tactically~*~*~ (stealth).
 26843 | Spider:2 | 26843 ||| Stepping ~*~*~tactically~*~*~ (stealth).
 26847 | Spider:2 | Received a gift from Okawaru
 26988 | Spider:2 | 26988 ||| DROPPING scarf of invisibility.
 27028 | Spider:3 | 27028 ||| Stepping ~*~*~tactically~*~*~ (hiding).
 27070 | Spider:3 | 27070 ||| Stepping ~*~*~tactically~*~*~ (hiding).
 27139 | Spider:3 | 27139 ||| DRINKING 14 potions of curing.
 27139 | Spider:3 | 27139 ||| (to cure confusion)
 27156 | Spider:3 | 27156 ||| INVOKING Heroism.
 27167 | Spider:3 | Reached skill level 15 in Fighting
 27167 | Spider:3 | Reached XP level 17. HP: 113/113 MP: 22/24
 27245 | Spider:3 | 27245 ||| INVOKING Heroism.
 27315 | Spider:3 | 27315 ||| Stepping ~*~*~tactically~*~*~ (stealth).
 27349 | Spider:3 | 27349 ||| INVOKING Heroism.
 27355 | Spider:3 | 27355 ||| Stepping ~*~*~tactically~*~*~ (stealth).
 27525 | Spider:3 | 27525 ||| Stepping ~*~*~tactically~*~*~ (stealth).
 27542 | Spider:3 | 27542 ||| INVOKING Heroism.
 27608 | Spider:3 | 27608 ||| Stepping ~*~*~tactically~*~*~ (hiding).
 27804 | Spider:3 | 27804 ||| INVOKING Finesse.
 27864 | Spider:3 | 27864 ||| PLANNING SWAMP:1-3
 27945 | Swamp:1  | Entered Level 1 of the Swamp
 27968 | Swamp:1  | 27968 ||| Stepping ~*~*~tactically~*~*~ (hiding).
 27985 | Swamp:1  | 27985 ||| Stepping ~*~*~tactically~*~*~ (stealth).
 27995 | Swamp:1  | 27995 ||| Stepping ~*~*~tactically~*~*~ (stealth).
 27999 | Swamp:1  | 27999 ||| Stepping ~*~*~tactically~*~*~ (stealth).
 28002 | Swamp:1  | 28002 ||| INVOKING Heroism.
 28063 | Swamp:1  | 28063 ||| Stepping ~*~*~tactically~*~*~ (stealth).
 28065 | Swamp:1  | 28065 ||| Stepping ~*~*~tactically~*~*~ (stealth).
 28183 | Swamp:1  | 28183 ||| Stepping ~*~*~tactically~*~*~ (hiding).
 28199 | Swamp:1  | 28199 ||| Stepping ~*~*~tactically~*~*~ (stealth).
 28200 | Swamp:1  | 28200 ||| Stepping ~*~*~tactically~*~*~ (stealth).
 28202 | Swamp:1  | 28202 ||| INVOKING Heroism.
 28205 | Swamp:1  | 28205 ||| SWAPPING to +1 hand axe of flaming.
 28212 | Swamp:1  | 28212 ||| UPGRADING to +4 spectral war axe.
 28230 | Swamp:1  | 28230 ||| Stepping ~*~*~tactically~*~*~ (stealth).
 28455 | Swamp:1  | Identified the +1 ring mail of Jigsaw {rC- rN+ rCorr Str+3}
 28536 | Swamp:1  | 28536 ||| DROPPING ring of willpower.
 28537 | Swamp:1  | 28537 ||| DROPPING ring of wizardry.
 28548 | Swamp:1  | 28548 ||| Stepping ~*~*~tactically~*~*~ (stealth).
 28549 | Swamp:1  | 28549 ||| Stepping ~*~*~tactically~*~*~ (stealth).
 28550 | Swamp:1  | 28550 ||| INVOKING Heroism.
 28551 | Swamp:1  | 28551 ||| Stepping ~*~*~tactically~*~*~ (hiding).
 28596 | Swamp:2  | 28596 ||| INVOKING Heroism.
 28600 | Swamp:2  | 28600 ||| SWAPPING to +1 hand axe of flaming.
 28605 | Swamp:2  | 28605 ||| UPGRADING to +4 spectral war axe.
 28616 | Swamp:2  | Received a gift from Okawaru
 28659 | Swamp:2  | 28659 ||| Stepping ~*~*~tactically~*~*~ (hiding).
 28660 | Swamp:2  | 28660 ||| Stepping ~*~*~tactically~*~*~ (hiding).
 28662 | Swamp:2  | 28662 ||| INVOKING Heroism.
 28722 | Swamp:2  | 28722 ||| INVOKING Heroism.
 28725 | Swamp:2  | 28725 ||| SWAPPING to +1 hand axe of flaming.
 28732 | Swamp:2  | 28732 ||| Stepping ~*~*~tactically~*~*~ (stealth).
 28734 | Swamp:2  | 28734 ||| UPGRADING to +4 spectral war axe.
 28739 | Swamp:2  | 28739 ||| Stepping ~*~*~tactically~*~*~ (stealth).
 28740 | Swamp:2  | 28740 ||| Stepping ~*~*~tactically~*~*~ (stealth).
 28769 | Swamp:2  | 28769 ||| FLEEEEING.
 28770 | Swamp:2  | 28770 ||| FLEEEEING.
 28772 | Swamp:2  | 28772 ||| FLEEEEING.
 28773 | Swamp:2  | 28773 ||| FLEEEEING.
 28774 | Swamp:2  | 28774 ||| FLEEEEING.
 28784 | Swamp:2  | 28784 ||| FLEEEEING.
 28792 | Swamp:2  | Reached skill level 15 in Shields
 28815 | Swamp:2  | 28815 ||| INVOKING Heroism.
 28820 | Swamp:2  | 28820 ||| SWAPPING to +1 hand axe of flaming.
 28837 | Swamp:2  | 28837 ||| UPGRADING to +4 spectral war axe.
 28942 | Swamp:2  | Found a transporter.
 28944 | Swamp:2  | Noticed qw's ghost (adept GrHu)
 28946 | Swamp:2  | Found a transporter.
 29182 | Swamp:2  | 29182 ||| READING scroll labelled POUTRY RAUTYWK.
 29182 | Swamp:2  | Identified a scroll of acquirement
 29182 | Swamp:2  | 29182 ||| ACQUIRING scarf "Zunaxat" {rC+ rF+, Int+3 Dex+2
                  | Stlth+}
 29182 | Swamp:2  | Acquired the scarf "Zunaxat" {rC+ rF+, Int+3 Dex+2 Stlth+}
 29184 | Swamp:2  | 29184 ||| UPGRADING to scarf "Zunaxat" {rC+ rF+, Int+3
                  | Dex+2 Stlth+}.
 29214 | Swamp:3  | 29214 ||| INVOKING Heroism.
 29227 | Swamp:3  | 29227 ||| Stepping ~*~*~tactically~*~*~ (hiding).
 29275 | Swamp:3  | Noticed a tentacled monstrosity
 29276 | Swamp:3  | 29276 ||| INVOKING Heroism.
 29286 | Swamp:3  | Killed a tentacled monstrosity
 29381 | Swamp:3  | 29381 ||| Stepping ~*~*~tactically~*~*~ (hiding).
 29394 | Swamp:3  | 29394 ||| Stepping ~*~*~tactically~*~*~ (stealth).
 29395 | Swamp:3  | 29395 ||| Stepping ~*~*~tactically~*~*~ (stealth).
 29470 | Swamp:3  | 29470 ||| INVOKING Heroism.
 29474 | Swamp:3  | 29474 ||| SWAPPING to +1 hand axe of flaming.
 29481 | Swamp:3  | 29481 ||| UPGRADING to +4 spectral war axe.
 29531 | Swamp:3  | 29531 ||| Stepping ~*~*~tactically~*~*~ (stealth).
 29536 | Swamp:3  | 29536 ||| Stepping ~*~*~tactically~*~*~ (stealth).
 29604 | Swamp:3  | 29604 ||| INVOKING Heroism.
 29650 | Swamp:3  | Received a gift from Okawaru
 29809 | Swamp:3  | 29809 ||| PLANNING SPIDER:4
 29926 | Spider:4 | Entered Level 4 of the Spider Nest
 29929 | Spider:4 | 29929 ||| STAIRDANCE
 29940 | Spider:4 | 29940 ||| Stepping ~*~*~tactically~*~*~ (stealth).
 29957 | Spider:4 | 29957 ||| Stepping ~*~*~tactically~*~*~ (stealth).
 29959 | Spider:4 | 29959 ||| Stepping ~*~*~tactically~*~*~ (stealth).
 29960 | Spider:4 | 29960 ||| Stepping ~*~*~tactically~*~*~ (stealth).
 29964 | Spider:4 | Reached skill level 6 in Dodging
 29971 | Spider:4 | 29971 ||| INVOKING Heroism.
 30001 | Spider:4 | 30001 ||| Stepping ~*~*~tactically~*~*~ (stealth).
 30018 | Spider:4 | 30018 ||| Stepping ~*~*~tactically~*~*~ (stealth).
 30041 | Spider:4 | Received a gift from Okawaru
 30108 | Spider:4 | Reached skill level 16 in Fighting
 30108 | Spider:4 | Reached XP level 18. HP: 117/120 MP: 4/25
 30128 | Spider:4 | 30128 ||| INVOKING Heroism.
 30151 | Spider:4 | HP: 22/122 [disintegration (15)]
 30152 | Spider:4 | 30152 ||| READING 17 scrolls of teleportation.
 30153 | Spider:4 | 30153 ||| DRINKING 10 potions of heal wounds.
 30182 | Spider:4 | 30182 ||| INVOKING Heroism.
 30228 | Spider:4 | 30228 ||| DROPPING +1 hand axe of flaming.
 30320 | Spider:4 | Identified the +1 hat of Voneoddiem {Rampage Drain rPois
                  | rN+++}
 30323 | Spider:4 | Got a gossamer rune of Zot
 30404 | Spider:4 | 30404 ||| INVOKING Heroism.
 30416 | Spider:4 | Reached skill level 9 in Throwing
 30834 | Spider:4 | 30834 ||| PLANNING VAULTS:1-4
 30834 | Spider:4 | 30834 ||| DROPPING scarf of resistance.
 30835 | Spider:4 | 30835 ||| DROPPING +1 hat of Voneoddiem {Rampage Drain
                  | rPois rN+++}.
 30836 | Spider:4 | 30836 ||| DROPPING scarf of shadows.
 31156 | Vaults:1 | Entered Level 1 of the Vaults
 31183 | Vaults:1 | Reached skill level 17 in Fighting
 31183 | Vaults:1 | 31183 ||| INVOKING Heroism.
 31197 | Vaults:1 | Received a gift from Okawaru
 31248 | Vaults:1 | 31248 ||| INVOKING Heroism.
 31396 | Vaults:1 | 31396 ||| INVOKING Heroism.
 31397 | Vaults:1 | 31397 ||| INVOKING Finesse.
 31463 | Vaults:1 | 31463 ||| READING scroll of enchant armour.
 31463 | Vaults:1 | 31463 ||| ENCHANTING +1 pair of gloves.
 31507 | Vaults:1 | Reached skill level 15 in Armour
 31626 | Vaults:1 | 31626 ||| Stepping ~*~*~tactically~*~*~ (hiding).
 31640 | Vaults:1 | 31640 ||| FLEEEEING.
 31641 | Vaults:1 | 31641 ||| FLEEEEING.
 31645 | Vaults:1 | 31645 ||| Stepping ~*~*~tactically~*~*~ (hiding).
 31646 | Vaults:1 | 31646 ||| Stepping ~*~*~tactically~*~*~ (hiding).
 31670 | Vaults:1 | 31670 ||| Stepping ~*~*~tactically~*~*~ (hiding).
 31672 | Vaults:1 | 31672 ||| Stepping ~*~*~tactically~*~*~ (hiding).
 31767 | Vaults:1 | 31767 ||| INVOKING Heroism.
 31768 | Vaults:1 | Received a gift from Okawaru
 31948 | Vaults:1 | 31948 ||| Stepping ~*~*~tactically~*~*~ (hiding).
 31951 | Vaults:1 | 31951 ||| Stepping ~*~*~tactically~*~*~ (hiding).
 31972 | Vaults:1 | 31972 ||| FLEEEEING.
 31973 | Vaults:1 | 31973 ||| FLEEEEING.
 31974 | Vaults:1 | 31974 ||| FLEEEEING.
 32020 | Vaults:1 | 32020 ||| INVOKING Heroism.
 32022 | Vaults:1 | Received a gift from Okawaru
 32075 | Vaults:1 | 32075 ||| DROPPING +1 broad axe of draining.
 32094 | Vaults:1 | 32094 ||| READING scroll of acquirement.
 32094 | Vaults:1 | 32094 ||| ACQUIRING ring "Asetucodgh" {rElec rF+ rN+ Will++
                  | Str+3}
 32094 | Vaults:1 | Acquired the ring "Asetucodgh" {rElec rF+ rN+ Will++ Str+3}
 32096 | Vaults:1 | 32096 ||| UPGRADING to ring "Asetucodgh" {rElec rF+ rN+
                  | Will++ Str+3}.
 32606 | Vaults:1 | 32606 ||| UPGRADING to +2 tower shield.
 32616 | Vaults:1 | 32616 ||| DROPPING +0 kite shield of the Blind Marksman
                  | {rC+ Stlth+}.
 32695 | Vaults:2 | 32695 ||| INVOKING Heroism.
 32732 | Vaults:2 | 32732 ||| INVOKING Finesse.
 32800 | Vaults:2 | Reached XP level 19. HP: 93/128 MP: 26/26
 32929 | Vaults:2 | Found a staircase to the Crypt.
 32929 | Vaults:2 | Found a basalt altar of Yredelemnul.
 32930 | Vaults:2 | Found an ancient bone altar of Kikubaaqudgha.
 32936 | Vaults:2 | 32936 ||| Stepping ~*~*~tactically~*~*~ (hiding).
 32937 | Vaults:2 | 32937 ||| INVOKING Heroism.
 32939 | Vaults:2 | 32939 ||| Stepping ~*~*~tactically~*~*~ (hiding).
 32943 | Vaults:2 | 32943 ||| Stepping ~*~*~tactically~*~*~ (hiding).
 32946 | Vaults:2 | 32946 ||| INVOKING Finesse.
 32987 | Vaults:2 | Found a large runed translucent door.
 32987 | Vaults:2 | Found a large runed translucent door.
 32989 | Vaults:2 | Found a large runed translucent door.
 32989 | Vaults:2 | Found a large runed translucent door.
 32990 | Vaults:2 | Found a large runed translucent door.
 32990 | Vaults:2 | Noticed Muvus's ghost (adept DsFi)
 32991 | Vaults:2 | Found a large runed translucent door.
 32991 | Vaults:2 | Found a large runed translucent door.
 32991 | Vaults:2 | Found a large runed translucent door.
 33112 | Vaults:2 | 33112 ||| DROPPING +2 scale mail of cold resistance.
 33113 | Vaults:2 | 33113 ||| UPGRADING to +4 plate armour of cold resistance.
 33123 | Vaults:2 | 33123 ||| DROPPING +0 plate armour.
 33124 | Vaults:2 | 33124 ||| READING 27 scrolls of identify.
 33124 | Vaults:2 | 33124 ||| IDENTIFYING fuming amethyst potion
 33125 | Vaults:2 | 33125 ||| DRINKING potion of experience.
 33125 | Vaults:2 | Reached XP level 20. HP: 134/134 MP: 27/27
 33194 | Vaults:2 | Reached skill level 18 in Shields
 33284 | Vaults:2 | 33284 ||| INVOKING Heroism.
 33285 | Vaults:2 | 33285 ||| INVOKING Finesse.
 33523 | Vaults:2 | 33523 ||| Stepping ~*~*~tactically~*~*~ (hiding).
 33526 | Vaults:2 | 33526 ||| Stepping ~*~*~tactically~*~*~ (hiding).
 33528 | Vaults:2 | 33528 ||| Stepping ~*~*~tactically~*~*~ (hiding).
 33532 | Vaults:2 | 33532 ||| Stepping ~*~*~tactically~*~*~ (hiding).
 33632 | Vaults:2 | 33632 ||| Stepping ~*~*~tactically~*~*~ (stealth).
 33633 | Vaults:2 | 33633 ||| INVOKING Heroism.
 33651 | Vaults:2 | You are sucked into a shaft and drop 2 floors!
 33720 | Vaults:3 | 33720 ||| INVOKING Heroism.
 33732 | Vaults:3 | 33732 ||| INVOKING Finesse.
 33866 | Vaults:2 | 33866 ||| Stepping ~*~*~tactically~*~*~ (hiding).
 33875 | Vaults:2 | Received a gift from Okawaru
 33888 | Vaults:2 | 33888 ||| Stepping ~*~*~tactically~*~*~ (hiding).
 33890 | Vaults:2 | 33890 ||| Stepping ~*~*~tactically~*~*~ (hiding).
 33891 | Vaults:2 | 33891 ||| Stepping ~*~*~tactically~*~*~ (hiding).
 33898 | Vaults:2 | 33898 ||| INVOKING Heroism.
 33921 | Vaults:2 | 33921 ||| INVOKING Heroism.
 34070 | Vaults:2 | 34070 ||| DROPPING +6 ring of strength.
 34187 | Vaults:2 | 34187 ||| Stepping ~*~*~tactically~*~*~ (hiding).
 34342 | Vaults:2 | 34342 ||| Stepping ~*~*~tactically~*~*~ (stealth).
 34344 | Vaults:2 | 34344 ||| Stepping ~*~*~tactically~*~*~ (stealth).
 34351 | Vaults:2 | 34351 ||| Stepping ~*~*~tactically~*~*~ (stealth).
 34396 | Vaults:2 | 34396 ||| INVOKING Heroism.
 34397 | Vaults:2 | 34397 ||| INVOKING Finesse.
 34678 | Vaults:2 | 34678 ||| Stepping randomly (stuck).
 34679 | Vaults:2 | 34679 ||| Stepping randomly (stuck).
 34680 | Vaults:2 | 34680 ||| Stepping randomly (stuck).
 34681 | Vaults:2 | 34681 ||| Stepping randomly (stuck).
 34682 | Vaults:2 | 34682 ||| Stepping randomly (stuck).
 34683 | Vaults:2 | 34683 ||| Stepping randomly (stuck).
 34684 | Vaults:2 | 34684 ||| Stepping randomly (stuck).
 34685 | Vaults:2 | 34685 ||| Stepping randomly (stuck).
 34687 | Vaults:2 | 34687 ||| Stepping randomly (stuck).
 34689 | Vaults:2 | 34689 ||| Stepping randomly (stuck).
 34691 | Vaults:2 | 34691 ||| Stepping randomly (stuck).
 34692 | Vaults:2 | 34692 ||| Stepping randomly (stuck).
 34693 | Vaults:2 | 34693 ||| Stepping randomly (stuck).
 34694 | Vaults:2 | 34694 ||| Stepping randomly (stuck).
 34695 | Vaults:2 | 34695 ||| Stepping randomly (stuck).
 34696 | Vaults:2 | 34696 ||| Stepping randomly (stuck).
 34697 | Vaults:2 | 34697 ||| Stepping randomly (stuck).
 34698 | Vaults:2 | 34698 ||| Stepping randomly (stuck).
 34700 | Vaults:2 | 34700 ||| Stepping randomly (stuck).
 34702 | Vaults:2 | 34702 ||| Stepping randomly (stuck).
 34703 | Vaults:2 | 34703 ||| Stepping randomly (stuck).
 34704 | Vaults:2 | 34704 ||| Stepping randomly (stuck).
 34705 | Vaults:2 | 34705 ||| Stepping randomly (stuck).
 34706 | Vaults:2 | 34706 ||| Stepping randomly (stuck).
 34707 | Vaults:2 | 34707 ||| Stepping randomly (stuck).
 34708 | Vaults:2 | 34708 ||| Stepping randomly (stuck).
 34709 | Vaults:2 | 34709 ||| Stepping randomly (stuck).
 34710 | Vaults:2 | 34710 ||| Stepping randomly (stuck).
 34712 | Vaults:2 | 34712 ||| Stepping randomly (stuck).
 34713 | Vaults:2 | 34713 ||| Stepping randomly (stuck).
 34714 | Vaults:2 | 34714 ||| Stepping randomly (stuck).
 34715 | Vaults:2 | 34715 ||| Stepping randomly (stuck).
 34716 | Vaults:2 | 34716 ||| Stepping randomly (stuck).
 34718 | Vaults:2 | 34718 ||| Stepping randomly (stuck).
 34719 | Vaults:2 | 34719 ||| Stepping randomly (stuck).
 34720 | Vaults:2 | 34720 ||| Stepping randomly (stuck).
 34721 | Vaults:2 | 34721 ||| Stepping randomly (stuck).
 34722 | Vaults:2 | 34722 ||| Stepping randomly (stuck).
 34723 | Vaults:2 | 34723 ||| Stepping randomly (stuck).
 34724 | Vaults:2 | 34724 ||| Stepping randomly (stuck).
 34725 | Vaults:2 | 34725 ||| Stepping randomly (stuck).
 34726 | Vaults:2 | 34726 ||| Stepping randomly (stuck).
 34727 | Vaults:2 | 34727 ||| Stepping randomly (stuck).
 34729 | Vaults:2 | 34729 ||| Stepping randomly (stuck).
 34731 | Vaults:2 | 34731 ||| Stepping randomly (stuck).
 34733 | Vaults:2 | 34733 ||| Stepping randomly (stuck).
 34734 | Vaults:2 | 34734 ||| Stepping randomly (stuck).
 34735 | Vaults:2 | 34735 ||| Stepping randomly (stuck).
 34736 | Vaults:2 | 34736 ||| Stepping randomly (stuck).
 34737 | Vaults:2 | 34737 ||| Stepping randomly (stuck).
 34738 | Vaults:2 | 34738 ||| Stepping randomly (stuck).
 34739 | Vaults:2 | 34739 ||| READING 18 scrolls of teleportation.
 34778 | Vaults:3 | Identified the +0 plate armour "Kokkotil" {rF+ rC- Will+
                  | Stlth+}
 34972 | Vaults:3 | Identified the +0 ring mail of Death Resistance {rN+ Int+3
                  | Stlth+}
 35032 | Vaults:3 | Reached skill level 18 in Fighting
 35055 | Vaults:3 | 35055 ||| READING scroll of enchant armour.
 35055 | Vaults:3 | 35055 ||| ENCHANTING +4 plate armour of cold resistance.
 35107 | Vaults:3 | 35107 ||| Stepping ~*~*~tactically~*~*~ (stealth).
 35110 | Vaults:3 | 35110 ||| Stepping ~*~*~tactically~*~*~ (hiding).
 35111 | Vaults:3 | 35111 ||| Stepping ~*~*~tactically~*~*~ (hiding).
 35122 | Vaults:3 | 35122 ||| Stepping ~*~*~tactically~*~*~ (hiding).
 35123 | Vaults:3 | 35123 ||| Stepping ~*~*~tactically~*~*~ (hiding).
 35124 | Vaults:3 | 35124 ||| Stepping ~*~*~tactically~*~*~ (hiding).
 35277 | Vaults:3 | 35277 ||| Stepping ~*~*~tactically~*~*~ (hiding).
 35279 | Vaults:3 | 35279 ||| Stepping ~*~*~tactically~*~*~ (hiding).
 35289 | Vaults:3 | Received a gift from Okawaru
 35311 | Vaults:3 | 35311 ||| Stepping ~*~*~tactically~*~*~ (hiding).
 35312 | Vaults:3 | 35312 ||| Stepping ~*~*~tactically~*~*~ (hiding).
 35538 | Vaults:3 | 35538 ||| Stepping ~*~*~tactically~*~*~ (hiding).
 35539 | Vaults:3 | 35539 ||| Stepping ~*~*~tactically~*~*~ (hiding).
 35561 | Vaults:3 | 35561 ||| READING scroll of enchant armour.
 35561 | Vaults:3 | 35561 ||| ENCHANTING +5 plate armour of cold resistance.
 35777 | Vaults:4 | 35777 ||| READING scroll of acquirement.
 35777 | Vaults:4 | 35777 ||| ACQUIRING 570 gold pieces
 35777 | Vaults:4 | Acquired 570 gold pieces
 35811 | Vaults:4 | 35811 ||| Stepping ~*~*~tactically~*~*~ (stealth).
 35923 | Vaults:4 | 35923 ||| INVOKING Heroism.
 35924 | Vaults:4 | 35924 ||| Stepping ~*~*~tactically~*~*~ (stealth).
 35925 | Vaults:4 | 35925 ||| INVOKING Finesse.
 35933 | Vaults:4 | 35933 ||| Stepping ~*~*~tactically~*~*~ (stealth).
 35934 | Vaults:4 | 35934 ||| Stepping ~*~*~tactically~*~*~ (stealth).
 35942 | Vaults:4 | 35942 ||| Stepping ~*~*~tactically~*~*~ (stealth).
 36142 | Vaults:4 | Identified the +10 falchion of Doom {flame, +Blink Will-
                  | Int+2 Stlth+}
 36225 | Vaults:4 | Received a gift from Okawaru
 36225 | Vaults:4 | Found the +16 obsidian axe {drain, demonic, Mesm Drain Fly
                  | SInv}
 36227 | Vaults:4 | 36227 ||| UPGRADING to +16 obsidian axe {drain, demonic,
                  | Mesm Drain Fly SInv}.
 36322 | Vaults:4 | 36322 ||| Stepping ~*~*~tactically~*~*~ (stealth).
 36324 | Vaults:4 | 36324 ||| Stepping ~*~*~tactically~*~*~ (hiding).
 36330 | Vaults:4 | 36330 ||| Stepping ~*~*~tactically~*~*~ (hiding).
 36331 | Vaults:4 | 36331 ||| Stepping ~*~*~tactically~*~*~ (hiding).
 36563 | Vaults:4 | Identified the +2 robe of the Sun {Fly Str+3 Stlth-}
 36575 | Vaults:4 | 36575 ||| INVOKING Heroism.
 36576 | Vaults:4 | 36576 ||| INVOKING Finesse.
 36619 | Vaults:4 | 36619 ||| INVOKING Heroism.
 36638 | Vaults:4 | Reached XP level 21. HP: 129/141 MP: 28/28
 36643 | Vaults:4 | 36643 ||| INVOKING Finesse.
 36665 | Vaults:4 | 36665 ||| INVOKING Heroism.
 36689 | Vaults:4 | 36689 ||| INVOKING Heroism.
 36696 | Vaults:4 | HP: 35/141 [frost giant/bolt of cold (7)]
 36697 | Vaults:4 | 36697 ||| READING 17 scrolls of teleportation.
 36701 | Vaults:4 | 36701 ||| DRINKING 12 potions of heal wounds.
 36892 | Vaults:4 | 36892 ||| Stepping ~*~*~tactically~*~*~ (hiding).
 36893 | Vaults:4 | 36893 ||| FLEEEEING.
 36894 | Vaults:4 | 36894 ||| Stepping ~*~*~tactically~*~*~ (hiding).
 36895 | Vaults:4 | 36895 ||| Stepping ~*~*~tactically~*~*~ (hiding).
 36897 | Vaults:4 | 36897 ||| INVOKING Heroism.
 36898 | Vaults:4 | 36898 ||| INVOKING Finesse.
 36909 | Vaults:4 | 36909 ||| Stepping ~*~*~tactically~*~*~ (hiding).
 36963 | Vaults:4 | 36963 ||| INVOKING Heroism.
 36965 | Vaults:4 | 36965 ||| INVOKING Finesse.
 36972 | Vaults:4 | Received a gift from Okawaru
 36975 | Vaults:4 | Noticed a golden dragon
 36987 | Vaults:4 | 36987 ||| Stepping ~*~*~tactically~*~*~ (hiding).
 36995 | Vaults:4 | Killed a golden dragon
 37009 | Vaults:4 | Noticed a golden dragon
 37010 | Vaults:4 | 37010 ||| Stepping ~*~*~tactically~*~*~ (hiding).
 37015 | Vaults:4 | 37015 ||| INVOKING Heroism.
 37023 | Vaults:4 | Killed a golden dragon
 37321 | Vaults:4 | 37321 ||| PLANNING SWAMP:4
 37321 | Vaults:4 | 37321 ||| UPGRADING to +1 helmet "Ukeulauph" {Int+4}.
 37331 | Vaults:4 | 37331 ||| DROPPING +0 plate armour "Kokkotil" {rF+ rC-
                  | Will+ Stlth+}.
 37332 | Vaults:4 | 37332 ||| UPGRADING to amulet of reflection.
 37342 | Vaults:4 | 37342 ||| DROPPING amulet of regeneration.
 37710 | Swamp:4  | Entered Level 4 of the Swamp
 37792 | Swamp:4  | Reached skill level 18 in Axes
 37820 | Swamp:4  | 37820 ||| Stepping ~*~*~tactically~*~*~ (hiding).
 37936 | Swamp:4  | Received a gift from Okawaru
 38039 | Swamp:4  | 38039 ||| Stepping ~*~*~tactically~*~*~ (hiding).
 38039 | Swamp:4  | Noticed Roxanne
 38060 | Swamp:4  | Killed Roxanne
 38136 | Swamp:4  | 38136 ||| Stepping ~*~*~tactically~*~*~ (stealth).
 38167 | Swamp:4  | Identified the amulet of Ogies {Faith rF+}
 38190 | Swamp:4  | Received a gift from Okawaru
 38260 | Swamp:4  | Found a runed translucent door.
 38260 | Swamp:4  | Found a shimmering altar of Xom.
 38260 | Swamp:4  | Noticed qw's ghost (adept GrFi)
 38297 | Swamp:4  | 38297 ||| Stepping ~*~*~tactically~*~*~ (hiding).
 38298 | Swamp:4  | 38298 ||| Stepping ~*~*~tactically~*~*~ (hiding).
 38299 | Swamp:4  | 38299 ||| Stepping ~*~*~tactically~*~*~ (hiding).
 38303 | Swamp:4  | 38303 ||| Stepping ~*~*~tactically~*~*~ (stealth).
 38308 | Swamp:4  | 38308 ||| INVOKING Heroism.
 38417 | Swamp:4  | 38417 ||| Stepping ~*~*~tactically~*~*~ (stealth).
 38438 | Swamp:4  | 38438 ||| Stepping ~*~*~tactically~*~*~ (hiding).
 38444 | Swamp:4  | 38444 ||| Stepping ~*~*~tactically~*~*~ (cloud).
 38518 | Swamp:4  | 38518 ||| Stepping ~*~*~tactically~*~*~ (hiding).
 38571 | Swamp:4  | Got a decaying rune of Zot
 38576 | Swamp:4  | 38576 ||| Stepping ~*~*~tactically~*~*~ (stealth).
 38577 | Swamp:4  | 38577 ||| Stepping ~*~*~tactically~*~*~ (stealth).
 38578 | Swamp:4  | 38578 ||| Stepping ~*~*~tactically~*~*~ (stealth).
 38580 | Swamp:4  | 38580 ||| Stepping ~*~*~tactically~*~*~ (stealth).
 38581 | Swamp:4  | 38581 ||| Stepping ~*~*~tactically~*~*~ (stealth).
 38582 | Swamp:4  | 38582 ||| Stepping ~*~*~tactically~*~*~ (stealth).
 38586 | Swamp:4  | 38586 ||| Stepping ~*~*~tactically~*~*~ (stealth).
 38587 | Swamp:4  | 38587 ||| Stepping ~*~*~tactically~*~*~ (stealth).
 38734 | Swamp:4  | 38734 ||| UPGRADING to amulet of Ogies {Faith rF+}.
 38744 | Swamp:4  | 38744 ||| PLANNING DEPTHS
 39066 | Depths:1 | Entered Level 1 of the Depths
 39088 | Depths:1 | Found a one-way gateway to a ziggurat.
 39322 | Depths:1 | 39322 ||| INVOKING Finesse.
 39335 | Depths:1 | Reached skill level 19 in Fighting
 39364 | Depths:1 | Received a gift from Okawaru
 39365 | Depths:1 | Identified the +2 leather armour "Omioch" {Will++ Regen+
                  | Str+4}
 39543 | Depths:1 | 39543 ||| INVOKING Finesse.
 39650 | Depths:1 | 39650 ||| INVOKING Heroism.
 39661 | Depths:1 | Received a gift from Okawaru
 39673 | Depths:1 | Received a gift from Okawaru
 39681 | Depths:1 | Reached XP level 22. HP: 137/149 MP: 29/29
 39719 | Depths:1 | 39719 ||| DROPPING +1 heavy broad axe.
 39722 | Depths:1 | Found a gateway to Hell.
 39723 | Depths:1 | 39723 ||| INVOKING Heroism.
 39727 | Depths:1 | 39727 ||| INVOKING Finesse.
 39978 | Depths:1 | Identified the +7 dagger "Ogetz" {freeze, *Noise rN+ Str+5}
 40030 | Depths:1 | 40030 ||| INVOKING Heroism.
 40031 | Depths:1 | 40031 ||| INVOKING Finesse.
 40403 | Depths:2 | Found Leebbe's Distillery.
 40408 | Depths:2 | 40408 ||| BUYING 2 potions of curing (96 gold).
 40408 | Depths:2 | Bought 2 potions of curing for 96 gold pieces
 40408 | Depths:2 | 40408 ||| BUYING 2 potions of might (128 gold).
 40408 | Depths:2 | Bought 2 potions of might for 128 gold pieces
 40408 | Depths:2 | 40408 ||| BUYING potion of curing (48 gold).
 40408 | Depths:2 | Bought a potion of curing for 48 gold pieces
 40408 | Depths:2 | 40408 ||| BUYING potion of mutation (128 gold).
 40408 | Depths:2 | Bought a potion of mutation for 128 gold pieces
 40408 | Depths:2 | 40408 ||| BUYING potion of mutation (128 gold).
 40408 | Depths:2 | Bought a potion of mutation for 128 gold pieces
 40408 | Depths:2 | 40408 ||| BUYING potion of resistance (160 gold).
 40408 | Depths:2 | Bought a potion of resistance for 160 gold pieces
 40440 | Depths:2 | Identified the +8 long sword of the Hurtling Seeker
                  | {protect, Contam rN++ Dex+3 SInv}
 40541 | Depths:2 | Noticed a juggernaut
 40542 | Depths:2 | 40542 ||| INVOKING Heroism.
 40543 | Depths:2 | 40543 ||| INVOKING Finesse.
 40555 | Depths:2 | Killed a juggernaut
 40563 | Depths:2 | 40563 ||| Stepping ~*~*~tactically~*~*~ (stealth).
 40580 | Depths:2 | Noticed a golden dragon
 40585 | Depths:2 | 40585 ||| INVOKING Heroism.
 40593 | Depths:2 | Killed a golden dragon
 40615 | Depths:2 | 40615 ||| INVOKING Finesse.
 40635 | Depths:2 | 40635 ||| Stepping ~*~*~tactically~*~*~ (hiding).
 40671 | Depths:2 | 40671 ||| INVOKING Heroism.
 40684 | Depths:2 | 40684 ||| FLEEEEING.
 40940 | Depths:2 | 40940 ||| Stepping ~*~*~tactically~*~*~ (hiding).
 40957 | Depths:2 | Reached skill level 20 in Fighting
 40994 | Depths:2 | 40994 ||| FLEEEEING.
 40998 | Depths:2 | 40998 ||| Stepping ~*~*~tactically~*~*~ (hiding).
 41002 | Depths:2 | 41002 ||| FLEEEEING.
 41005 | Depths:2 | 41005 ||| INVOKING Heroism.
 41006 | Depths:2 | 41006 ||| INVOKING Finesse.
 41021 | Depths:2 | Received a gift from Okawaru
 41062 | Depths:2 | 41062 ||| FLEEEEING.
 41064 | Depths:2 | 41064 ||| FLEEEEING.
 41065 | Depths:2 | 41065 ||| INVOKING Heroism.
 41066 | Depths:2 | 41066 ||| INVOKING Finesse.
 41070 | Depths:2 | Received a gift from Okawaru
 41209 | Depths:2 | Found a one-way gate to the infinite horrors of the Abyss.
 41216 | Depths:2 | Found a portal to a secret trove of treasure.
 41421 | Depths:2 | Found a one-way gate leading to the halls of Pandemonium.
 41668 | Depths:2 | 41668 ||| Stepping ~*~*~tactically~*~*~ (hiding).
 41669 | Depths:2 | 41669 ||| Stepping ~*~*~tactically~*~*~ (hiding).
 41673 | Depths:2 | 41673 ||| INVOKING Heroism.
 41752 | Depths:3 | 41752 ||| Stepping ~*~*~tactically~*~*~ (hiding).
 41753 | Depths:3 | 41753 ||| Stepping ~*~*~tactically~*~*~ (hiding).
 41884 | Depths:3 | 41884 ||| INVOKING Heroism.
 41894 | Depths:3 | Received a gift from Okawaru
 42047 | Depths:3 | 42047 ||| INVOKING Heroism.
 42048 | Depths:3 | 42048 ||| INVOKING Finesse.
 42054 | Depths:3 | Reached skill level 18 in Armour
 42116 | Depths:3 | Noticed Louise
 42117 | Depths:3 | 42117 ||| Stepping ~*~*~tactically~*~*~ (hiding).
 42131 | Depths:3 | Killed Louise
 42347 | Depths:3 | 42347 ||| INVOKING Heroism.
 42352 | Depths:3 | 42352 ||| INVOKING Finesse.
 42486 | Depths:3 | 42486 ||| Stepping ~*~*~tactically~*~*~ (hiding).
 42502 | Depths:3 | 42502 ||| Stepping ~*~*~tactically~*~*~ (hiding).
 42506 | Depths:3 | 42506 ||| INVOKING Heroism.
 42646 | Depths:3 | 42646 ||| Stepping ~*~*~tactically~*~*~ (stealth).
 42648 | Depths:3 | 42648 ||| Stepping ~*~*~tactically~*~*~ (hiding).
 42649 | Depths:3 | 42649 ||| Stepping ~*~*~tactically~*~*~ (hiding).
 42655 | Depths:3 | 42655 ||| Stepping ~*~*~tactically~*~*~ (stealth).
 42724 | Depths:3 | 42724 ||| INVOKING Heroism.
 42727 | Depths:3 | Reached skill level 21 in Shields
 42739 | Depths:3 | 42739 ||| Stepping ~*~*~tactically~*~*~ (stealth).
 42780 | Depths:3 | 42780 ||| INVOKING Heroism.
 43094 | Depths:4 | Entered Level 4 of the Depths
 43106 | Depths:4 | 43106 ||| Stepping ~*~*~tactically~*~*~ (hiding).
 43136 | Depths:4 | 43136 ||| INVOKING Heroism.
 43137 | Depths:4 | 43137 ||| INVOKING Finesse.
 43148 | Depths:4 | Reached XP level 23. HP: 151/158 MP: 23/30
 43213 | Depths:4 | 43213 ||| INVOKING Heroism.
 43257 | Depths:4 | Received a gift from Okawaru
 43284 | Depths:4 | Noticed a golden dragon
 43285 | Depths:4 | 43285 ||| INVOKING Heroism.
 43296 | Depths:4 | Killed a golden dragon
 43300 | Depths:4 | Reached skill level 21 in Fighting
 43360 | Depths:4 | 43360 ||| INVOKING Heroism.
 43506 | Depths:4 | 43506 ||| READING scroll of enchant armour.
 43506 | Depths:4 | 43506 ||| ENCHANTING +6 plate armour of cold resistance.
 43558 | Depths:4 | 43558 ||| INVOKING Heroism.
 43602 | Depths:4 | Found a shadowy altar of Dithmenos.
 43637 | Depths:4 | Received a gift from Okawaru
 43647 | Depths:4 | 43647 ||| INVOKING Finesse.
 43680 | Depths:4 | 43680 ||| INVOKING Heroism.
 44099 | Depths:4 | 44099 ||| Stepping ~*~*~tactically~*~*~ (stealth).
 44142 | Depths:4 | Found a gate to the Realm of Zot.
 44271 | Depths:4 | 44271 ||| PLANNING VAULTS:5
 44501 | Vaults:5 | Entered Level 5 of the Vaults
 44505 | Vaults:5 | 44505 ||| INVOKING Heroism.
 44506 | Vaults:5 | 44506 ||| INVOKING Finesse.
 44511 | Vaults:5 | Noticed a dread lich
 44522 | Vaults:5 | Reached skill level 12 in Throwing
 44532 | Vaults:5 | Received a gift from Okawaru
 44538 | Vaults:5 | Killed a dread lich
 44641 | Vaults:5 | 44641 ||| DROPPING +1 broad axe.
 44649 | Vaults:5 | Noticed an ancient lich
 44650 | Vaults:5 | 44650 ||| INVOKING Heroism.
 44651 | Vaults:5 | 44651 ||| INVOKING Finesse.
 44658 | Vaults:5 | Killed an ancient lich
 44658 | Vaults:5 | Received a gift from Okawaru
 44695 | Vaults:5 | 44695 ||| INVOKING Heroism.
 44701 | Vaults:5 | Noticed an ancient lich
 44711 | Vaults:5 | Reached skill level 22 in Fighting
 44713 | Vaults:5 | 44713 ||| INVOKING Finesse.
 44726 | Vaults:5 | Killed an ancient lich
 44732 | Vaults:5 | 44732 ||| Stepping ~*~*~tactically~*~*~ (stealth).
 44733 | Vaults:5 | 44733 ||| Stepping ~*~*~tactically~*~*~ (stealth).
 44778 | Vaults:5 | 44778 ||| Stepping ~*~*~tactically~*~*~ (stealth).
 44779 | Vaults:5 | 44779 ||| Stepping ~*~*~tactically~*~*~ (stealth).
 44781 | Vaults:5 | 44781 ||| Stepping ~*~*~tactically~*~*~ (stealth).
 44782 | Vaults:5 | 44782 ||| Stepping ~*~*~tactically~*~*~ (stealth).
 44789 | Vaults:5 | Identified the +7 orcbow of the Jester {freeze, rElec Str+3
                  | Dex+5}
 44789 | Vaults:5 | Identified the ring of Lutyorchy {rN+ Will+}
 44790 | Vaults:5 | 44790 ||| INVOKING Heroism.
 44812 | Vaults:5 | Noticed Xtahua
 44824 | Vaults:5 | Killed Xtahua
 44952 | Vaults:5 | 44952 ||| INVOKING Heroism.
 44953 | Vaults:5 | 44953 ||| INVOKING Finesse.
 45011 | Vaults:5 | 45011 ||| INVOKING Heroism.
 45018 | Vaults:5 | Received a gift from Okawaru
 45021 | Vaults:5 | Noticed a golden dragon
 45022 | Vaults:5 | Noticed a golden dragon
 45037 | Vaults:5 | Killed a golden dragon
 45038 | Vaults:5 | Reached XP level 24. HP: 111/168 MP: 30/30
 45052 | Vaults:5 | Identified the +5 mace "Widowermaker" {heavy, *Rage rElec
                  | rF+ rCorr}
 45055 | Vaults:5 | Received a gift from Okawaru
 45074 | Vaults:5 | Received a gift from Okawaru
 45075 | Vaults:5 | 45075 ||| INVOKING Heroism.
 45087 | Vaults:5 | HP: 39/168 [vault warden/+0 great sword (10)]
 45088 | Vaults:5 | 45088 ||| READING 19 scrolls of teleportation.
 45089 | Vaults:5 | 45089 ||| DRINKING 11 potions of heal wounds.
 45119 | Vaults:5 | 45119 ||| Stepping ~*~*~tactically~*~*~ (hiding).
 45123 | Vaults:5 | 45123 ||| INVOKING Heroism.
 45318 | Vaults:5 | 45318 ||| Stepping ~*~*~tactically~*~*~ (stealth).
 45319 | Vaults:5 | 45319 ||| INVOKING Heroism.
 45321 | Vaults:5 | 45321 ||| Stepping ~*~*~tactically~*~*~ (hiding).
 45331 | Vaults:5 | 45331 ||| Stepping ~*~*~tactically~*~*~ (hiding).
 45362 | Vaults:5 | 45362 ||| INVOKING Heroism.
 45372 | Vaults:5 | 45372 ||| FLEEEEING.
 45373 | Vaults:5 | 45373 ||| FLEEEEING.
 45374 | Vaults:5 | 45374 ||| FLEEEEING.
 45375 | Vaults:5 | 45375 ||| STAIRDANCE
 45554 | Vaults:4 | 45554 ||| DROPPING +1 helmet of intelligence.
 45555 | Vaults:4 | 45555 ||| DROPPING ring of fire.
 45708 | Vaults:5 | Identified the +1 ring mail of Ototos {rElec rC++ Int+2}
 45791 | Vaults:5 | 45791 ||| Stepping ~*~*~tactically~*~*~ (stealth).
 45868 | Vaults:5 | 45868 ||| INVOKING Heroism.
 45914 | Vaults:5 | Identified the staff of poison "Zoleosa" {rPois Str+3}
 45925 | Vaults:5 | Found the +8 trishula "Condemnation" {holy, anguish, *Noise
                  | Fly rN+}
 45926 | Vaults:5 | Identified the +6 glaive "Oshriger" {drain, rF- rC++ rCorr
                  | Str+2}
 45926 | Vaults:5 | Identified the ring of Egomania {Contam rN+++ rCorr Int+5
                  | Slay-4}
 45927 | Vaults:5 | 45927 ||| Stepping ~*~*~tactically~*~*~ (stealth).
 45928 | Vaults:5 | 45928 ||| Stepping ~*~*~tactically~*~*~ (stealth).
 45930 | Vaults:5 | 45930 ||| Stepping ~*~*~tactically~*~*~ (hiding).
 45933 | Vaults:5 | Noticed a dread lich
 45934 | Vaults:5 | 45934 ||| INVOKING Heroism.
 45949 | Vaults:5 | Killed a dread lich
 45981 | Vaults:5 | Identified the ring of Pegowuel {Contam rPois rF+ Str+2
                  | Slay+2}
 46017 | Vaults:5 | Identified the +5 dire flail of the Unspeakable One {pain,
                  | rF- Int+8 SInv Stlth+}
 46053 | Vaults:5 | Got a silver rune of Zot
 46189 | Vaults:5 | 46189 ||| Stepping ~*~*~tactically~*~*~ (stealth).
 46190 | Vaults:5 | 46190 ||| Stepping ~*~*~tactically~*~*~ (stealth).
 46192 | Vaults:5 | 46192 ||| Stepping ~*~*~tactically~*~*~ (stealth).
 46194 | Vaults:5 | 46194 ||| Stepping ~*~*~tactically~*~*~ (stealth).
 46231 | Vaults:5 | Found Xaykumab's Magic Scroll Emporium.
 46243 | Vaults:5 | 46243 ||| BUYING 3 scrolls of teleportation (216 gold).
 46243 | Vaults:5 | Bought 3 scrolls of teleportation for 216 gold pieces
 46243 | Vaults:5 | 46243 ||| BUYING scroll of teleportation (72 gold).
 46243 | Vaults:5 | Bought a scroll of teleportation for 72 gold pieces
 46252 | Vaults:5 | 46252 ||| Stepping ~*~*~tactically~*~*~ (stealth).
 46254 | Vaults:5 | 46254 ||| Stepping ~*~*~tactically~*~*~ (stealth).
 46258 | Vaults:5 | 46258 ||| Stepping ~*~*~tactically~*~*~ (stealth).
 46259 | Vaults:5 | 46259 ||| Stepping ~*~*~tactically~*~*~ (stealth).
 46261 | Vaults:5 | 46261 ||| Stepping ~*~*~tactically~*~*~ (stealth).
 46435 | Vaults:5 | 46435 ||| PLANNING SHOPPING SPREE
 46435 | Vaults:5 | 46435 ||| DROPPING +1 helmet of intelligence.
 46436 | Vaults:5 | 46436 ||| DROPPING +0 cloak of poison resistance.
 46764 | D:1      | 46764 ||| BUYING 2 potions of curing (84 gold).
 46764 | D:1      | Bought 2 potions of curing for 84 gold pieces
 46764 | D:1      | 46764 ||| BUYING potion of curing (42 gold).
 46764 | D:1      | Bought a potion of curing for 42 gold pieces
 46764 | D:1      | 46764 ||| BUYING potion of curing (42 gold).
 46764 | D:1      | Bought a potion of curing for 42 gold pieces
 46764 | D:1      | 46764 ||| BUYING potion of lignification (42 gold).
 46764 | D:1      | Bought a potion of lignification for 42 gold pieces
 46764 | D:1      | 46764 ||| BUYING potion of might (56 gold).
 46764 | D:1      | Bought a potion of might for 56 gold pieces
 46953 | D:10     | 46953 ||| BUYING potion of heal wounds (70 gold).
 46953 | D:10     | Bought a potion of heal wounds for 70 gold pieces
 46953 | D:10     | 46953 ||| BUYING potion of lignification (42 gold).
 46953 | D:10     | Bought a potion of lignification for 42 gold pieces
 47116 | D:2      | 47116 ||| BUYING glowing cloak (157 gold).
 47116 | D:2      | Bought a glowing cloak for 157 gold pieces
 47116 | D:2      | 47116 ||| DROPPING +0 cloak of preservation.
 47190 | D:1      | 47190 ||| PLANNING ZOT:1-4
 47586 | Zot:1    | Entered Level 1 of the Realm of Zot
 47594 | Zot:1    | 47594 ||| INVOKING Heroism.
 47607 | Zot:1    | 47607 ||| DRINKING 2 potions of cancellation.
 47613 | Zot:1    | 47613 ||| INVOKING Heroism.
 47623 | Zot:1    | Received a gift from Okawaru
 47630 | Zot:1    | 47630 ||| INVOKING Heroism.
 47694 | Zot:1    | 47694 ||| FLEEEEING.
 47701 | Zot:1    | 47701 ||| STAIRDANCE
 47796 | Zot:1    | 47796 ||| INVOKING Heroism.
 47813 | Zot:1    | Noticed Vv
 47814 | Zot:1    | 47814 ||| Stepping ~*~*~tactically~*~*~ (hiding).
 47815 | Zot:1    | 47815 ||| DRINKING 6 potions of resistance.
 47831 | Zot:1    | Killed Vv
 48165 | Zot:1    | 48165 ||| Stepping ~*~*~tactically~*~*~ (hiding).
 48222 | Zot:1    | 48222 ||| Stepping ~*~*~tactically~*~*~ (stealth).
 48223 | Zot:1    | 48223 ||| Stepping ~*~*~tactically~*~*~ (stealth).
 48224 | Zot:1    | 48224 ||| Stepping ~*~*~tactically~*~*~ (stealth).
 48226 | Zot:1    | 48226 ||| Stepping ~*~*~tactically~*~*~ (stealth).
 48228 | Zot:1    | 48228 ||| Stepping ~*~*~tactically~*~*~ (stealth).
 48230 | Zot:1    | 48230 ||| Stepping ~*~*~tactically~*~*~ (stealth).
 48239 | Zot:1    | 48239 ||| Stepping ~*~*~tactically~*~*~ (stealth).
 48240 | Zot:1    | 48240 ||| Stepping ~*~*~tactically~*~*~ (stealth).
 48242 | Zot:1    | 48242 ||| Stepping ~*~*~tactically~*~*~ (stealth).
 48243 | Zot:1    | 48243 ||| Stepping ~*~*~tactically~*~*~ (stealth).
 48248 | Zot:1    | 48248 ||| Stepping ~*~*~tactically~*~*~ (stealth).
 48249 | Zot:1    | 48249 ||| INVOKING Heroism.
 48256 | Zot:1    | Reached skill level 23 in Fighting
 48386 | Zot:1    | Received a gift from Okawaru
 48388 | Zot:1    | 48388 ||| Stepping ~*~*~tactically~*~*~ (stealth).
 48389 | Zot:1    | 48389 ||| Stepping ~*~*~tactically~*~*~ (stealth).
 48390 | Zot:1    | 48390 ||| Stepping ~*~*~tactically~*~*~ (stealth).
 48592 | Zot:1    | 48592 ||| Stepping ~*~*~tactically~*~*~ (hiding).
 48778 | Zot:2    | 48778 ||| INVOKING Heroism.
 48781 | Zot:2    | Received a gift from Okawaru
 48823 | Zot:2    | 48823 ||| FLEEEEING.
 48830 | Zot:2    | 48830 ||| STAIRDANCE
 48964 | Zot:2    | 48964 ||| INVOKING Heroism.
 48985 | Zot:2    | Received a gift from Okawaru
 48989 | Zot:2    | Received a gift from Okawaru
 48990 | Zot:2    | HP: 38/171 [red draconian/+0 halberd[a white draconian
                  | stormcaller] (9)]
 48991 | Zot:2    | 48991 ||| READING 22 scrolls of teleportation.
 48992 | Zot:2    | 48992 ||| DRINKING 13 potions of heal wounds.
 49270 | Zot:2    | 49270 ||| INVOKING Heroism.
 49295 | Zot:2    | 49295 ||| Stepping ~*~*~tactically~*~*~ (hiding).
 49309 | Zot:2    | Received a gift from Okawaru
 49310 | Zot:2    | Reached XP level 25. HP: 174/178 MP: 30/30
 49311 | Zot:2    | 49311 ||| Stepping ~*~*~tactically~*~*~ (hiding).
 49329 | Zot:2    | 49329 ||| Stepping ~*~*~tactically~*~*~ (hiding).
 49335 | Zot:2    | Identified the +2 double sword of the Spectre {protect,
                  | +Blink rC+ Int+3}
 49338 | Zot:2    | HP: 31/178 [living spell/crystal spear[a walking crystal
                  | tome] (79)]
 49339 | Zot:2    | 49339 ||| READING 21 scrolls of teleportation.
 49339 | Zot:2    | Killed from afar by a living spell

Levels and vault maps discovered:
D:1:      ebering_trefoil_twist, layout_loops_ring, serial_shops, shop,
          nicolae_shop_behind_doors, nicolae_shop_pleasant_corner_grove
D:2:      layout_basic, basic_altar, serial_shops, shop,
          shapermc_ecumenical_altar_mp_ritualfount, uniq_sigmund, uniq_terence,
          uniq_jessica
D:3:      layout_loops_ring
D:4:      layout_basic, chequers_temple_overflow_minitemple, serial_aquarium,
          aquarium_bridge_square [aquarium_subvault_bridge,
          aquarium_subvault_wall, aquarium_subvault_wall,
          aquarium_subvault_bridge], aquarium_bridge_straight
          [aquarium_subvault_bridge, aquarium_subvault_wall,
          aquarium_subvault_bridge, aquarium_subvault_wall],
          aquarium_window_corner, aquarium_window_corner,
          aquarium_window_corner, aquarium_window_fake, aquarium_view_2d,
          aquarium_view_2e, aquarium_balcony_3a, aquarium_pool_2,
          roderic_three_in_a_row
D:5:      layout_rooms, temple_hall, serial_shops, nicolae_shop_tiny_waterfront,
          enter_ossuary_4
D:6:      wad_lake_hut, layout_basic, minmay_joined_circles, uniq_blork_the_orc
D:7:      layout_cave_pools, kennysheep_generic_room_12
D:8:      layout_basic, nicolae_ru_path_of_blood, small_chamber_with_monster
D:9:      layout_basic, nemelex_diamond_rough_becter, uniq_joseph
D:10:     layout_loops_corners, nzn_wu_jian_contemplation, orc_david_3,
          enter_bailey_7, serial_shops,
          nicolae_shop_temple_entry_statues_fountains
D:11:     layout_loops_ring
D:12:     layout_layer_cave, uniq_psyche, uniq_snorg
D:13:     layout_loops_ring, ebering_ghost_funeral_grove, uniq_urug, uniq_kirke,
          uniq_josephine
D:14:     layout_rooms, erik_vaults_1
D:15:     hangedman_depths_entry_try_elsewhere_first, layout_cross,
          serial_shops, nicolae_shop_tiny_waterfront, dk_noncrumbling_2,
          st_stairs_2, minivault_27, chei_slow_surprise
Temple:   nicolae_temple_bog_church
Lair:1:   layout_hall_layers, serial_bayou_shore_a, uniq_amaemon, uniq_fannar
Lair:2:   layout_cave_pods, gammafunk_ghost_split,
          nicolae_lair_grove_arrangements, st_stairs_11,
          chequers_serial_rivers_large_a, lemuel_old_faithful,
          uniq_prince_ribbit2
Lair:3:   layout_regular_city, minmay_swamp_entry_swarm,
          nicolae_spider_entry_orb_guardian, gammafunk_lair_bear_cave,
          uniq_gastronok
Lair:4:   layout_loops_ring, minmay_slime_entry_pillars, lemuel_fruit_fields,
          lemuel_fruit_fields
Lair:5:   hangedman_lair_tendril_chambers, layout_concentric_octagons,
          gauntlet_entry_generic, chequers_serial_rivers_small_3
Swamp:1:  layout_basic_swamp, evilmike_swamp_ruin_house_1, swamp_pool4
Swamp:2:  layout_basic_swamp, gammafunk_ghost_mausoleum,
          nicolae_swamp_stair_fork, ldierk_geyser
Swamp:3:  layout_basic_swamp, evilmike_swamp_ruin_rubble_2,
          infiniplex_staircase_pool_2
Swamp:4:  nzn_swamp_witches_coven, layout_basic_swamp, ebering_ghost_xom,
          swamp_pool4, uniq_roxanne
Spider:1: layout_chambers, nicolae_spider_webs_and_nodes
Spider:2: layout_spider_delve, guppyfry_hornet_nest, uniq_arachne
Spider:3: layout_spider_delve
Spider:4: grunt_spider_rune_parallel
Orc:1:    layout_diamond_mine, basic_altar, nicolae_orc_rockfall
Orc:2:    st_orc_mages, layout_diamond_mine, serial_shops,
          nicolae_shop_peninsula, lightli_church_of_beogh
Vaults:1: vaults_mumra_chevron_long, nicolae_vaults_variable_pillar_hall,
          ontoclasm_vaults_ring_small, ontoclasm_vaults_ring_square,
          vaults_dpeg_diagonal, vaults_mumra_hex,
          nicolae_vaults_network_quinsquares
          [nicolae_vaults_network_quincunx_subvault,
          nicolae_vaults_network_quincunx_subvault,
          nicolae_vaults_network_quincunx_subvault,
          nicolae_vaults_network_quincunx_subvault],
          nicolae_vaults_security_offices_1, layout_vaults_chaotic_city
Vaults:2: advil_vaults_ghost_lines, nicolae_vaults_bisected_exclaves,
          minmay_crypt_entry_necro_gods, v_misc_10, v_alt_pattern_1, v_rooms_6,
          v_alt_pattern_2, st_smaller_cells, nicolae_vaults_three_branches,
          ontoclasm_vaults_twist, layout_vaults_maze_bifur
Vaults:3: nicolae_vaults_network_periphery, nicolae_vaults_little_squares_1,
          ontoclasm_vaults_ring_square, nicolae_vaults_hallways_thing,
          hangedman_vaults_maws, nicolae_vaults_layer_cake_slice,
          nicolae_vaults_cochlea, nicolae_vaults_sesquioval_fish,
          hangedman_vaults_stream, nicolae_vaults_yaktaur_gun_rack,
          ontoclasm_vaults_ring_small, nicolae_vaults_border_crossing,
          nicolae_vaults_house_3, nicolae_vaults_ring_of_whatevers,
          layout_vaults_omnicross
Vaults:4: ontoclasm_vaults_bender, v_misc_24, nicolae_vaults_closet_pinwheel_1,
          nicolae_vaults_tetromino_Z_1, v_pattern_4, st_greater_box_3,
          nicolae_vaults_storage_room_statues, nicolae_vaults_shelves_hall,
          nicolae_vaults_meiosis, nicolae_vaults_six-pack,
          nicolae_vaults_tetromino_L_1, vaults_room_stairs_pillars, v_rooms_3,
          layout_vaults_omnibox
Vaults:5: uniq_xtahua
Depths:1: layout_gridlike, enter_ziggurat_f, grunt_hell_entry_demonic_statue,
          moated_statue, minmay_misc_feat_hallway, kennysheep_cross_room
Depths:2: minmay_the_grid_square_5x5_4x4_mashed
          [minmay_the_grid_square_5x5_fat_x,
          minmay_the_grid_square_5x5_bracketed,
          minmay_the_grid_square_5x5_corner, minmay_the_grid_square_5x5_three,
          minmay_the_grid_square_5x5_inner_z,
          minmay_the_grid_square_5x5_prize_rear_guard,
          minmay_the_grid_square_5x5_prize_deathbox,
          minmay_the_grid_square_5x5_tri_point, minmay_the_grid_square_5x5_six,
          minmay_the_grid_square_5x5_prize_monsterx,
          minmay_the_grid_square_5x5_prize_snowflake,
          minmay_the_grid_square_5x5_eight, minmay_the_grid_square_5x5_minimal,
          minmay_the_grid_square_5x5_tie,
          minmay_the_grid_square_5x5_eight_small,
          minmay_the_grid_square_5x5_n_small], layout_honeycomb,
          kennysheep_cluttered_room, rand_demon_pan_entry_5, serial_shops,
          nicolae_shop_advertising_works [nicolae_subvault_shop_adworks],
          pf_hell_entry_tar_spiral, abyss_entry_crystal, enter_trove_5,
          infiniplex_staircase_pool_lava
Depths:3: kennysheep_water_balloons, layout_cave_pools,
          nicolae_abyss_entry_one_way_or_another, pan_entry, hell_entry
Depths:4: evilmike_zot_entry_basic, layout_cave_pools,
          nicolae_concentric_dashed_squares_mild, serial_bayou,
          serial_bayou_lake_a, serial_bayou_crossing, serial_bayou_ford_a,
          serial_bayou_pond_e, pf_coc_iceberg, nicolae_dithmenos_the_darkroom
Zot:1:    layout_misc_corridors, grunt_ministairs_5, uniq_vv
Zot:2:    lemuel_acid_trip, layout_onion_interference,
          nicolae_rock_paper_scissors

Skill      XL: |  1  2  3  4  5  6  7  8  9 10 11 12 13 14 15 16 17 18 19 20 21 22 23 24 |
---------------+-------------------------------------------------------------------------+-----
Axes           | 2 3 5 7 8 9 11 12 13 15 16 18 | 18.0
Dodging        | 1 2 3 4 6 7 8 |  8.0
Fighting       | 4 5 6 7 8 9 10 11 12 15 16 17 18 19 20 22 23 | 23.8
Throwing       | 2 3 5 6 7 8 9 11 12 13 | 13.0
Armour         | 4 7 8 9 10 11 13 14 15 16 18 19 20 | 20.0
Shields        | 4 5 8 10 11 12 13 14 15 16 17 19 20 21 22 | 22.0
Invocations    | 4 8 10 | 10.0

Action                     |  1- 3 |  4- 6 |  7- 9 | 10-12 | 13-15 | 16-18 | 19-21 | 22-24 | 25-27 || total
---------------------------+-------+-------+-------+-------+-------+-------+-------+-------+-------++-------
  Melee: War axe           |    80 |    55 |   257 |   451 |   795 |   937 |   372 |       |       ||  2947
         Demon whip        |       |       |       |     6 |    36 |       |       |       |       ||    42
         Hand axe          |       |       |       |       |       |    34 |       |       |       ||    34
         Broad axe         |       |       |       |       |       |       |   425 |  1080 |    12 ||  1517
  Throw: Boomerang         |       |     3 |   116 |   108 |    77 |   203 |    59 |    57 |       ||   623
         Javelin           |       |       |       |    34 |   168 |   128 |    46 |   121 |       ||   497
 Invoke: Heroism           |       |       |     4 |    15 |    25 |    36 |    17 |    40 |       ||   137
         Finesse           |       |       |       |     1 |     6 |     3 |    11 |    14 |       ||    35
    Use: Scroll            |     2 |     3 |    10 |     5 |    10 |     7 |     6 |     3 |     1 ||    47
         Potion            |       |     2 |     3 |     1 |     1 |     3 |     2 |     4 |       ||    16
   Stab: Distracted        |       |       |       |     1 |     8 |    18 |     7 |       |       ||    34
 Armour: Scale mail        |    35 |       |       |       |       |       |       |       |       ||    35
         Chain mail        |     9 |    25 |   145 |     7 |       |       |       |       |       ||   186
         Plate armour      |       |       |       |   220 |   331 |   308 |   168 |   346 |     2 ||  1375
  Dodge: Dodged            |    40 |    13 |    97 |   280 |   357 |   339 |   167 |   280 |     2 ||  1575
  Block: Buckler           |    15 |     8 |    46 |    53 |       |       |       |       |       ||   122
         Kite shield       |       |       |       |   116 |   384 |   417 |       |       |       ||   917
         Tower shield      |       |       |       |       |       |    65 |   581 |   868 |     8 ||  1522
         Reflection        |       |       |       |       |       |       |     3 |       |       ||     3

Table legend:
 A = Non-vault XP
 B = Vault XP
 C = Vault XP percentage of total XP
 D = Non-vault monster count
 E = Vault monster count
 F = Vault count percentage of total count
                 A         B        C        D         E       F
            +---------+---------+-------+---------+---------+-------
      Total |  475010 |  410655 |  46.4 |    1141 |     573 |  33.4
            +---------+---------+-------+---------+---------+-------
        D:1 |      40 |       0 |   0.0 |      25 |       0 |   0.0
        D:2 |      31 |     300 |  90.6 |      12 |       3 |  20.0
        D:3 |     260 |       0 |   0.0 |      23 |       0 |   0.0
        D:4 |     171 |       0 |   0.0 |      17 |       0 |   0.0
        D:5 |    1142 |       2 |   0.2 |      29 |       2 |   6.5
        D:6 |     582 |     862 |  59.7 |      12 |      15 |  55.6
        D:7 |    1768 |       0 |   0.0 |      16 |       0 |   0.0
        D:8 |     410 |     234 |  36.3 |       9 |       1 |  10.0
        D:9 |    3379 |     439 |  11.5 |      42 |       1 |   2.3
       D:10 |    2126 |     193 |   8.3 |      31 |       9 |  22.5
       D:11 |    3256 |       0 |   0.0 |      13 |       0 |   0.0
       D:12 |    5672 |    1275 |  18.4 |      20 |       2 |   9.1
       D:13 |    7339 |    4489 |  38.0 |      16 |       9 |  36.0
       D:14 |    5854 |    1654 |  22.0 |      15 |       2 |  11.8
       D:15 |   12479 |    5240 |  29.6 |      21 |       8 |  27.6
     Lair:1 |    6209 |    2053 |  24.8 |      37 |       3 |   7.5
     Lair:2 |   10927 |    3679 |  25.2 |      43 |      13 |  23.2
     Lair:3 |    5292 |    2530 |  32.3 |      22 |       6 |  21.4
     Lair:4 |    7187 |     354 |   4.7 |      24 |       4 |  14.3
     Lair:5 |    7009 |   10377 |  59.7 |      23 |      36 |  61.0
    Swamp:1 |   12190 |       0 |   0.0 |      19 |       0 |   0.0
    Swamp:2 |   11803 |       0 |   0.0 |      22 |       0 |   0.0
    Swamp:3 |   14318 |       0 |   0.0 |      33 |       0 |   0.0
    Swamp:4 |   13436 |   27232 |  67.0 |      25 |      31 |  55.4
   Spider:1 |   19040 |       0 |   0.0 |      50 |       0 |   0.0
   Spider:2 |   10798 |    3038 |  22.0 |      29 |       4 |  12.1
   Spider:3 |   22471 |       0 |   0.0 |      53 |       0 |   0.0
   Spider:4 |   11842 |   16266 |  57.9 |      28 |      32 |  53.3
      Orc:1 |    3385 |       0 |   0.0 |      32 |       0 |   0.0
      Orc:2 |    2255 |    5534 |  71.0 |      24 |      43 |  64.2
   Vaults:1 |   29891 |   12237 |  29.0 |      48 |      19 |  28.4
   Vaults:2 |   22673 |   25828 |  53.3 |      37 |      32 |  46.4
   Vaults:3 |    8722 |   21159 |  70.8 |      13 |      30 |  69.8
   Vaults:4 |   11661 |   53545 |  82.1 |      26 |      51 |  66.2
   Vaults:5 |   30646 |  114498 |  78.9 |      49 |      96 |  66.2
   Depths:1 |   22810 |   12374 |  35.2 |      26 |      19 |  42.2
   Depths:2 |   20066 |   43802 |  68.6 |      24 |      40 |  62.5
   Depths:3 |   22400 |   11566 |  34.1 |      31 |       8 |  20.5
   Depths:4 |   30294 |    8482 |  21.9 |      42 |       8 |  16.0
      Zot:1 |   33907 |    7370 |  17.9 |      31 |       5 |  13.9
      Zot:2 |   30924 |    9809 |  24.1 |      27 |      10 |  27.0
    Abyss:2 |    8345 |       0 |   0.0 |      22 |       0 |   0.0
    Ossuary |       0 |     167 | 100.0 |       0 |      21 | 100.0
   Gauntlet |       0 |    4067 | 100.0 |       0 |      10 | 100.0
            +---------+---------+-------+---------+---------+-------
